Cogmind - Beta 16 @@@ ROGUE MODE // 2025.10.30 @ 20:06:19 Player: szymekc Result: Establishing 0b11! Performance ------------- Evolutions (9) 4500 Regions Visited (37) 7400 Robots Destroyed (513) 2565 Value Destroyed (22517) 22517 Prototype IDs (375) 7500 Alien Tech Used (5) 1000 Bonus (53661) 53661 TOTAL SCORE: 99143 Bonus ------- High Alert Combat Kills 1999 Follower Combat Kills 1919 Destroyed Unchained 2000 Forged Quantum Companion 2000 Registered with UFD 300 Met Optimus in HQ 500 Met Zhirov 300 Met Warlord at Base 500 MAIN.C Attacked Warlord 500 Warlord Defense Kills 94 Built Enhanced Grunts 300 Met R17 at Cetus 500 Recovered Sigix Corpse 2000 Met MAIN.C 5000 Destroyed MAIN.C Shell 5000 Destroyed MAIN.C 10000 Met Architect 300 Started Test 138-B 500 Destroyed A8 300 Destroyed A5 500 Destroyed A4 700 Destroyed A3 800 Destroyed A2 1000 Destroyed Architect 15000 Win 3000 Friendly Fire -1351 Cogmind --------- Core Integrity 926/1600 Matter 275/300 Energy 450/480 System Corruption 0% Temperature Cool (25) Movement Hovering (20) Location 0b11 Command Parts ------- > --- POWER (3) -------- Zero-point Reactor Concept Zero-point Core Concept Zero-point Core > --- PROPULSION (8) --- Cooled Linear Gravjet Cooled Linear Gravjet Cooled Linear Gravjet Concept Combat Aerolev Unit Concept Combat Aerolev Unit Concept Gyrokinetic System Concept Gyrokinetic System Concept Gyrokinetic System > --- UTILITY (12) ----- Concept Antigrav Storage Unit ST Field Compressor Concept Weapon Articulator Experimental Core Analyzer Experimental Core Analyzer Femtoactuators Centrium Linked Plating Centrium Linked Plating Architect God Chip A Architect God Chip A Architect God Chip A Architect God Chip A > --- WEAPON (2) ------- A3's Sniper Rifle Superquantum Companion > --- INVENTORY (25) --- Experimental Antimatter Reactor Zero-point Reactor Cooled Antigrav System Cooled Antigrav System Experimental Antigrav System Gravjet Array Concept Chromion Battery (800) Concept Chromion Battery (800) Advanced Quantum Shading Machine Femtoactuators Femtoactuators Experimental Phase Shifter Concept Cloak Mesh Experimental Powered Armor Heavy Regenerative Plating High-powered Transdimensional Reconstructor Modified Sigix Sheargun Modified Sigix Sheargun Perforator Sigix Corpse Peak State ------------ > --- POWER ------------ Zero-point Reactor Concept Zero-point Core Concept Zero-point Core > --- PROPULSION ------- Cooled Linear Gravjet Gravjet Array Concept Combat Aerolev Unit Concept Combat Aerolev Unit Concept Gyrokinetic System Concept Gyrokinetic System Concept Gyrokinetic System > --- UTILITY ---------- Concept Antigrav Storage Unit ST Field Compressor Concept Weapon Articulator Experimental Core Analyzer Experimental Core Analyzer Femtoactuators Centrium Linked Plating Centrium Linked Plating Architect God Chip A Architect God Chip A Architect God Chip A Architect God Chip A > --- WEAPON ----------- A3's Sniper Rifle Superquantum Companion > --- INVENTORY -------- Experimental Antimatter Reactor Zero-point Reactor Cooled Antigrav System Cooled Antigrav System Cooled Linear Gravjet Experimental Antigrav System Gravjet Array Concept Chromion Battery Concept Chromion Battery Advanced Quantum Shading Machine Femtoactuators Femtoactuators Experimental Phase Shifter Concept Cloak Mesh Experimental Powered Armor Heavy Regenerative Plating High-powered Transdimensional Reconstructor High-powered Transdimensional Reconstructor Modified Sigix Sheargun Modified Sigix Sheargun Perforator Sigix Corpse [Rating: 312] Favorites ----------- Power Concept Zero-point Core Engine Cooled Ion Engine Power Core Concept Zero-point Core Reactor Micro Antimatter Reactor Propulsion Light Treads Treads Light Treads Leg Aluminum Leg Hover Unit Experimental Antigrav System Flight Unit Cooled Cesium-ion Thruster Utility Advanced Targeting Computer Device Advanced Sensor Array Storage Medium Storage Unit Processor Advanced Targeting Computer Hackware Advanced Hacking Suite Protection Medium Regenerative Plating Weapon Advanced Beam Rifle Energy Gun Advanced Beam Rifle Energy Cannon Neutron Cannon Ballistic Gun Light Assault Rifle Ballistic Cannon Improved Light Cannon Launcher Tiamat Missile Launcher Special Weapon Plasma Cutter Impact Weapon Shock Maul Slashing Weapon Companion Sword Piercing Weapon Experimental Jetlance Build | -11 -10 -10 -9 -9 -9 -8 -8 -8 -8 -8 -6 -6 -6 -6 -6 -6 -6 -5 -5 -5 -5 -5 -5 -4 -4 -4 -4 -4 -3 -3 -3 -2 -2 -2 -1 -1 -1 ------- Run | Yrd Mat Min Mat Min Exi Min Mat Sto Rec Scr Fac Was Fac Ext Cet Arc Hub Fac Was Fac Upp Upp Zhi Pro Fac Upp Upp War Pro Res Qua Res Tes Frg Acc Com Ac0 Slots Evolved 18 | . . . 2 . . . 2 . . . 4 . . . . . . 2 . . . . . . 2 . . . . 2 . 2 . . 2 . . Power 2 | . . . . . . . . . . . . . . . . . . 1 . . . . . . . . . . . . . . . . 1 . . Propulsion 6 | . . . 1 . . . 1 . . . 1 . . . . . . 1 . . . . . . . . . . . 1 . 1 . . . . . Utility 10 | . . . 1 . . . 1 . . . 3 . . . . . . . . . . . . . 2 . . . . 1 . 1 . . 1 . . Weapon . | . . . . . . . . . . . . . . . . . . . . . . . . . . . . . . . . . . . . . . Parts Attached 382 | 6 4 9 32 4 . 3 20 23 4 15 4 1 35 12 8 1 1 26 2 10 1 9 3 1 8 . 1 4 1 28 6 3 6 48 9 13 21 Power 38 | 1 . 1 2 . . . 1 2 . 1 . . 4 4 1 . . 7 . . . 2 . . 1 . . . . 3 1 . . 4 1 1 1 Engine 13 | 1 . 1 2 . . . . 1 . . . . 2 3 . . . 2 . . . 1 . . . . . . . . . . . . . . . Core 15 | . . . . . . . 1 1 . 1 . . 2 1 . . . 5 . . . 1 . . 1 . . . . . . . . 2 . . . Reactor 10 | . . . . . . . . . . . . . . . 1 . . . . . . . . . . . . . . 3 1 . . 2 1 1 1 Propulsion 122 | 2 . 3 12 1 . . 9 10 3 6 1 . 9 . 1 . 1 10 2 5 . 1 2 1 4 . . 1 . 10 2 1 2 11 2 4 6 Treads 33 | 2 . . 7 . . . 9 10 3 2 . . . . . . . . . . . . . . . . . . . . . . . . . . . Leg 9 | . . 3 4 . . . . . . . . . 1 . . . . . . . . . 1 . . . . . . . . . . . . . . Wheel . | . . . . . . . . . . . . . . . . . . . . . . . . . . . . . . . . . . . . . . Hover 41 | . . . . . . . . . . . . . . . 1 . . 7 2 5 . 1 . 1 . . . . . . 1 . . 11 2 4 6 Flight 39 | . . . 1 1 . . . . . 4 1 . 8 . . . 1 3 . . . . 1 . 4 . . 1 . 10 1 1 2 . . . . Utility 158 | 1 2 1 5 1 . . 6 2 1 7 3 . 20 6 5 1 . 6 . 5 1 5 1 . 3 . . 3 1 14 1 2 3 31 4 6 11 Device 81 | 1 1 . 3 1 . . 2 . 1 4 . . 9 1 2 . . 4 . 2 1 4 . . 1 . . 2 1 7 1 2 2 20 3 2 4 Storage 17 | . 1 . 2 . . . 1 . . 1 1 . 1 . . . . . . 2 . . . . 1 . . . . 2 . . . 4 1 . . Processor 23 | . . . . . . . 1 1 . 2 2 . 5 . . . . . . 1 . . . . . . . 1 . 2 . . . 4 . 4 . Hackware 18 | . . . . . . . . 1 . . . . 3 1 . 1 . 2 . . . . . . 1 . . . . 3 . . 1 1 . . 4 Protection 19 | . . 1 . . . . 2 . . . . . 2 4 3 . . . . . . 1 1 . . . . . . . . . . 2 . . 3 Artifact . | . . . . . . . . . . . . . . . . . . . . . . . . . . . . . . . . . . . . . . Weapon 64 | 2 2 4 13 2 . 3 4 9 . 1 . 1 2 2 1 . . 3 . . . 1 . . . . 1 . . 1 2 . 1 2 2 2 3 Energy Gun 24 | 1 1 1 6 . . 1 3 8 . . . . . . . . . . . . . . . . . . . . . . . . . . 1 . 2 Energy Cannon 10 | . . . 2 . . . 1 . . . . . 1 . 1 . . 1 . . . 1 . . . . . . . 1 . . . . 1 1 . Ballistic Gun 5 | 1 . 3 . . . . . . . . . . . . . . . . . . . . . . . . . . . . . . . . . . 1 Ballistic Cannon 6 | . . . 4 . . . . . . . . . . . . . . . . . . . . . . . 1 . . . . . 1 . . . . Launcher 7 | . . . . . . 1 . . . . . 1 1 1 . . . 2 . . . . . . . . . . . . . . . . . 1 . Special Weapon 3 | . 1 . . 1 . . . . . . . . . 1 . . . . . . . . . . . . . . . . . . . . . . . Impact Weapon 4 | . . . . 1 . . . 1 . . . . . . . . . . . . . . . . . . . . . . 1 . . 1 . . . Slashing Weapon 4 | . . . 1 . . 1 . . . 1 . . . . . . . . . . . . . . . . . . . . 1 . . . . . . Piercing Weapon 1 | . . . . . . . . . . . . . . . . . . . . . . . . . . . . . . . . . . 1 . . . Special Melee Weapon . | . . . . . . . . . . . . . . . . . . . . . . . . . . . . . . . . . . . . . . Unidentified Prototypes 62 | . . . 4 . . . 1 2 . 1 . 1 2 . 5 . . 1 . 1 . 1 3 . . . . 4 . 4 3 1 6 16 . . 6 Parts Lost 53 | . . 6 . . . . 4 3 2 . . 2 . 3 4 . . 9 . 3 1 2 . . . . . . . . . . 1 7 . 3 3 Power 8 | . . 1 . . . . . 2 . . . . . 1 1 . . 2 . . . 1 . . . . . . . . . . . . . . . Propulsion 23 | . . 2 . . . . 2 1 1 . . 2 . . 2 . . 6 . 3 1 1 . . . . . . . . . . . 2 . . . Utility 17 | . . 1 . . . . 1 . 1 . . . . 2 1 . . 1 . . . . . . . . . . . . . . 1 4 . 2 3 Weapon 5 | . . 2 . . . . 1 . . . . . . . . . . . . . . . . . . . . . . . . . . 1 . 1 . Highest Loss Streak 4 | . . 4 . . . . 2 1 2 . . 2 . 2 4 . . 3 . 2 1 1 . . . . . . . . . . 1 3 . 2 1 To Critical Strikes . | . . . . . . . . . . . . . . . . . . . . . . . . . . . . . . . . . . . . . . Average Backups 15 | 1 8 13 17 20 20 20 21 21 22 21 5 6 7 9 9 9 8 8 9 9 9 9 9 10 9 9 9 9 9 11 12 11 11 14 21 22 21 Power . | . 1 1 1 2 2 2 1 . 1 . . 1 . . . . . . . . . . . . . . . . 1 1 1 1 1 1 . 1 1 Propulsion 2 | . 1 2 3 4 4 4 4 4 5 4 . . . . . 1 1 . 1 3 1 1 . . . 1 1 . . 1 1 1 1 2 4 6 5 Utility 7 | . 2 5 5 7 8 8 8 9 9 10 2 2 4 6 5 6 5 5 4 3 4 4 4 4 3 4 4 3 2 3 3 4 4 7 12 11 12 Weapon 3 | 1 3 4 6 5 6 5 5 6 6 4 2 2 2 1 1 1 . 1 1 2 2 2 3 3 2 2 2 2 2 2 1 1 1 1 2 1 1 Tool/Special . | . . . . . . . . . . . . . . . . . . . . . . . . . . . . . . . . . . . . . . Unused Backups 81 | . . . 10 2 . . 6 2 1 9 . 2 4 . . 1 . 1 2 2 2 1 1 . . . . 1 . 4 . . 1 8 . 7 14 Power 10 | . . . 1 . . . 2 1 . . . 1 . . . . . . . . . . . . . . . . . 1 . . . 1 . 3 . Propulsion 11 | . . . . . . . . 1 . . . . . . . . . 1 1 1 2 . . . . . . . . 2 . . 1 1 . . 1 Utility 37 | . . . 1 . . . 1 . 1 5 . 1 4 . . 1 . . 1 . . 1 1 . . . . 1 . 1 . . . 4 . 4 10 Weapon 18 | . . . 8 2 . . 3 . . 3 . . . . . . . . . . . . . . . . . . . . . . . . . . 2 Tool/Special 5 | . . . . . . . . . . 1 . . . . . . . . . 1 . . . . . . . . . . . . . 2 . . 1 Average Slot Usage (%) 93 | . 97 99 99 100 100 100 99 99 99 99 85 78 89 92 85 86 86 78 89 84 91 87 90 94 78 78 83 85 87 87 91 94 94 83 91 88 91 Engine 4 | . 14 14 11 11 11 11 6 3 9 . . . 3 1 . . . 1 . . . 2 . . . . . . . . . . . . . . . Core 4 | . . . . . . . 2 5 . 8 6 4 2 3 . . . 3 11 11 11 8 11 11 10 10 10 10 10 3 . . . 4 8 8 8 Reactor 1 | . . . . . . . . . . . . . . . 4 6 6 3 . . . . . . . . . . . 5 9 8 8 2 4 4 4 Treads 14 | . 27 9 19 33 33 33 35 35 35 34 . . . . . . . . . . . . . . . . . . . . . . . . . . . Leg 1 | . . 18 13 . . . . . . . . . . . . . . . . . . . . . . . . . . . . . . . . . . Hover 6 | . . . . . . . . . . . . . . . 4 6 2 9 29 25 32 28 29 34 2 . . . . . . . . 16 28 28 28 Flight 7 | . . . . . . . . . . 1 33 30 31 32 21 20 23 11 . . . . 1 . 13 15 15 16 21 24 28 29 30 9 . . . Device 15 | . 13 8 18 22 22 22 12 9 8 9 12 10 9 3 5 9 13 11 11 11 11 10 11 11 15 15 15 14 16 18 15 20 23 28 31 28 25 Storage 7 | . 13 14 11 11 11 11 9 9 9 9 6 4 4 6 6 6 6 5 5 5 5 5 5 5 5 5 5 5 5 4 4 4 4 4 4 4 4 Processor 11 | . . . . . . . 8 13 18 18 19 20 24 26 26 23 20 15 11 14 17 17 17 17 15 15 15 15 13 14 19 17 15 6 4 7 8 Protection 3 | . . 5 3 . . . 5 3 . . . . 1 7 7 3 3 4 5 5 5 5 4 5 5 5 5 5 5 4 4 4 4 3 4 4 6 Energy Gun 5 | . 11 14 3 21 . 21 16 17 16 . . . . . . . . . . . . . . . . . . . . . . . . . . . . Ballistic Gun 1 | . 13 13 1 . . . . . . . . . . . . . . . . . . . . . . . . . . . . . . . . . . Ballistic Cannon 1 | . . . 14 . . . . . . . . . . . . . . . . . . . . . . . 2 . . . . . . . . . . Special Weapon 1 | . 1 . . . 11 . . . . 8 . . . . . . . . . . . . . . . . . . . 1 1 . 2 . . . . Impact Weapon 1 | . . . . . 11 . . . . 8 . . . . . . . . . . . . . . . . . . . . . 3 1 . . . . Slashing Weapon 2 | . . . . . . . . . . . 6 6 6 6 6 6 6 5 5 5 5 5 5 5 5 5 5 5 5 4 3 4 3 3 4 4 4 Peak Build Rating 312 | 6 11 11 25 24 19 23 36 36 35 53 55 57 81 81 97 91 96 98 96 94 90 92 94 99 114 116 125 128 127 162 169 187 193 283 294 296 312 Average Rating 89 | 4 9 9 19 22 19 22 31 33 33 37 48 46 64 73 85 90 83 78 90 80 87 84 88 93 108 110 124 125 124 147 157 179 181 229 289 278 281 On Entrance 91 | . 6 11 11 23 19 19 23 36 33 33 44 48 30 77 73 91 90 79 88 90 89 84 86 93 93 110 110 125 127 119 156 159 184 177 270 287 272 Avg Prop Armor Cover (%) 4 | . . 8 . . . . . . . . . . 5 . 7 9 13 5 . . . . . 4 . . . . . . . 1 1 4 . . . Naked Turns . | . . . . . . . . . . . . . . . . . . . . . . . . . . . . . . . . . . . . . . Heaviest Build 129 | 9 30 30 60 56 56 56 108 102 92 92 21 21 30 30 34 34 35 42 48 39 39 44 42 42 40 39 50 46 47 53 52 53 53 107 129 124 116 Greatest Support 150 | 40 40 40 60 60 60 60 80 80 80 80 25 25 30 45 34 34 49 67 71 71 61 54 54 66 66 51 51 51 47 57 56 62 59 150 134 134 139 Greatest Overweight (x) 2 | . 1 2 1 . . . 1 1 1 1 . . 1 . . . . 1 . 1 . . . . 2 . . . . 1 1 . . 1 . . . Average Overweight (x) . | . . . . . . . . 1 1 . . . . . . . . . . . . . . . . . . . . . . . . . . . . Largest Inventory Capacity 25 | 5 15 15 20 20 20 20 25 25 25 25 10 10 10 10 10 10 10 10 10 10 10 10 10 10 10 10 10 10 10 15 15 15 15 25 25 25 25 Average Capacity 17 | 5 14 15 18 20 20 20 23 25 25 24 10 9 8 10 10 10 10 10 10 10 10 10 10 10 10 10 10 10 10 13 15 15 15 19 25 25 25 Most Carried 25 | 3 14 15 20 20 20 20 25 25 25 25 9 8 10 10 10 10 10 10 10 10 10 10 10 10 10 10 10 10 10 15 15 15 15 25 25 25 25 Average Carried 16 | 1 8 13 17 19 20 20 22 24 24 23 6 7 8 9 9 9 9 9 9 9 9 9 9 9 9 9 9 9 9 13 14 14 14 17 23 24 24 Final Capacity 25 | 5 15 15 20 20 20 20 25 25 25 10 10 5 10 10 10 10 10 10 10 10 10 10 10 10 10 10 10 10 10 15 15 15 15 25 25 25 25 Final Carried 25 | 3 14 15 20 20 20 20 25 25 25 10 7 5 10 10 10 10 9 10 10 9 10 10 10 10 10 10 10 10 10 15 15 15 14 21 24 24 23 Class Distribution -------------------- 22% | Mutant 20% | Scavenger-Mutant 12% | Scout 10% | Commander-Mutant 7% | Scavenger-Sprinter 6% | Sprinter 5% | Infiltrator-Sprinter 5% | Scavenger-Scout Dominant Class ---------------- Mutant | -10/Materials Mutant | -10/Mines Mutant | -9/Materials Mutant | -9/Mines Mutant | -9/Exiles Mutant | -8/Mines Scavenger-Mutant | -8/Materials Scavenger-Mutant | -8/Storage Scavenger-Mutant | -8/Recycling Commander-Mutant | -8/Scraptown Commander-Scout | -6/Factory Scout | -6/Waste Scout | -6/Factory Commander-Sprinter | -6/Extension Scavenger-Sprinter | -6/Cetus Scavenger-Scout | -6/Archives Scavenger-Scout | -6/Hub_04(d) Scavenger-Ninja | -5/Factory Scavenger-Ninja | -5/Waste Scout | -5/Factory Scout | -5/Upper Caves Scavenger-Scout | -5/Upper Caves Scout | -5/Zhirov Scavenger-Scout | -4/Proximity Caves Scavenger-Scout | -4/Factory Scout | -4/Upper Caves Scout | -4/Upper Caves Commander-Scout | -4/Warlord Scout | -3/Proximity Caves Infiltrator-Sprinter | -3/Research Sprinter | -3/Quarantine Infiltrator-Sprinter | -2/Research Infiltrator-Sprinter | -2/Testing Scavenger-Mutant | -2/Protoforge Infiltrator-Sprinter | -1/Access Sprinter | -1/Command Scavenger-Sprinter | -1/Access_0 Resources | -11 -10 -10 -9 -9 -9 -8 -8 -8 -8 -8 -6 -6 -6 -6 -6 -6 -6 -5 -5 -5 -5 -5 -5 -4 -4 -4 -4 -4 -3 -3 -3 -2 -2 -2 -1 -1 -1 ----------- Run | Yrd Mat Min Mat Min Exi Min Mat Sto Rec Scr Fac Was Fac Ext Cet Arc Hub Fac Was Fac Upp Upp Zhi Pro Fac Upp Upp War Pro Res Qua Res Tes Frg Acc Com Ac0 Matter Collected 10454 | 185 187 174 893 249 70 128 452 275 52 124 130 . 551 270 120 20 10 588 312 166 70 390 . 75 418 45 87 60 178 509 199 55 416 1945 316 330 405 Remotely . | . . . . . . . . . . . . . . . . . . . . . . . . . . . . . . . . . . . . . . Salvage Created 28802 | 19 483 360 1454 128 . 147 1945 1611 789 40 24 . 1769 1149 77 67 . 1055 606 591 252 442 . 51 679 51 99 60 178 1763 597 323 742 2932 2529 2416 3374 Parts 1285 | 3 24 27 85 8 . 9 96 87 28 3 1 . 57 35 1 7 . 48 8 22 7 20 . 5 34 6 3 6 2 62 28 10 38 166 97 73 179 Haulers Intercepted 38 | . . . 6 . . . 4 5 . . . . 5 . . . . 1 . 2 . 1 . . 1 . . . . 6 1 3 1 . 2 . . Recyclers Shooed 7 | . . . 2 . . . 1 1 . . . . 1 . . . . . . . . . . . 1 . . . . . 1 . . . . . . Parts Field Recycled . | . . . . . . . . . . . . . . . . . . . . . . . . . . . . . . . . . . . . . . Retrieved Matter . | . . . . . . . . . . . . . . . . . . . . . . . . . . . . . . . . . . . . . . Parts Self-Destructed 44 | . . . . . . . . . . . . . . . . . . . . . 6 15 . 5 . 15 2 . 1 . . . . . . . . Prevented 1 | . . . . . . . . . . . . . . . . . . . . . . 1 . . . . . . . . . . . . . . . Parts Restored 9 | . . . . . . . . . . . . . . . . . . . . . . . . . . . . . . . . . . 9 . . . Faulty 9 | . . . . . . . . . . . . . . . . . . . . . . . . . . . . . . . . . . 9 . . . Kills | -11 -10 -10 -9 -9 -9 -8 -8 -8 -8 -8 -6 -6 -6 -6 -6 -6 -6 -5 -5 -5 -5 -5 -5 -4 -4 -4 -4 -4 -3 -3 -3 -2 -2 -2 -1 -1 -1 ------- Run | Yrd Mat Min Mat Min Exi Min Mat Sto Rec Scr Fac Was Fac Ext Cet Arc Hub Fac Was Fac Upp Upp Zhi Pro Fac Upp Upp War Pro Res Qua Res Tes Frg Acc Com Ac0 Combat Hostiles Destroyed 336 | . 12 10 30 5 . 6 37 19 5 . . . 3 18 1 . . 19 2 1 3 13 . 5 11 5 5 1 3 4 7 . 6 41 20 9 35 Melee 139 | . . . . . . . . . . . . . 3 13 1 . . 10 . 1 3 2 . 1 3 . 1 1 2 4 6 . 3 32 17 7 29 Guns 77 | . 12 10 8 5 . 2 17 18 5 . . . . . . . . . . . . . . . . . . . . . . . . . . . . Cannons 42 | . . . 22 . . . 3 . . . . . . . . . . . . . . . . . . . 1 . . . 1 . 3 8 2 2 . AOE 67 | . . . . . . 4 15 . . . . . . 5 . . . 9 2 . . 11 . 4 8 5 3 . 1 . . . . . . . . Classes Destroyed 29 | 1 2 2 7 . . . 5 . 1 1 . . . . . . . . 2 . . 1 . . . . 1 . . . . . 1 4 1 . . Worker 25 | . 1 . 3 . . . 2 2 . . . . 1 . . . . 5 . 2 . . . . 1 . . . . . . . . . 3 5 . Builder 7 | . . . 1 . . . 1 . . . . . 3 . . . . . . . . . . . . . . . . . . . . . 2 . . Tunneler 7 | 1 . . . . . . 1 . . . . . . . . . . 1 . 1 . . . . 2 . . . . . . . . . 1 . . Hauler 38 | . . . 6 . . . 4 5 . . . . 5 . . . . 1 . 2 . 1 . . 1 . . . . 6 1 3 1 . 2 . . Recycler 45 | . . 1 3 1 . 1 3 4 7 . . . 7 2 . . . 2 . 2 . . . . 1 . . . . 4 . . 1 . 2 4 . Carrier 2 | . . . . . . . . . . . . . . . . . . . . . . . . . . . . . . . . . . . 2 . . Mechanic 2 | . . . 1 . . . . . . . . . . . . . . 1 . . . . . . . . . . . . . . . . . . . Operator 17 | . . . 2 . . . 1 . . . . . 1 1 . 2 . . . . . . . . 2 . . . . 2 1 . 1 1 1 2 . Drone 4 | . . . . . . . . . . . . . . . . . . . . . . . . . . . . . . . . . . 4 . . . Watcher 24 | . . . 2 . . . 3 1 . . 1 . 2 1 . . . 1 . . . . . . 1 . . . . 6 . . . . 3 3 . Swarmer 73 | . . 6 7 5 . 3 7 . . 1 . . . 2 . . . 13 . . 1 5 . 5 8 5 4 . 1 . . . . . . . . Grunt 92 | . 12 4 13 . . 2 18 7 . . . . 1 7 . . . 1 . 1 1 6 . . 3 . . . 1 . 2 . 3 . 10 . . Brawler 1 | . . . . . . . 1 . . . . . . . . . . . . . . . . . . . . . . . . . . . . . . Duelist 4 | . . . 1 . . 1 1 . 1 . . . . . . . . . . . . . . . . . . . . . . . . . . . . Protector 2 | . . . . . . . 1 . . . . . . . . . . . . . . . . . . . . 1 . . . . . . . . . Researcher 4 | . . . . . . . . . . . . . . . . . . . . . . . . . . . . . . . . . 1 3 . . . Sentry 55 | . . . 9 . . . 5 10 3 . . . 1 9 . . . 2 . . 1 . . . . . . . 1 4 . . . 9 1 . . Specialist 2 | . . . . . . . 2 . . . . . . . . . . . . . . . . . . . . . . . . . . . . . . Hunter 10 | . . . . . . . 1 2 . . . . . . . . . . . . . . . . . . . . . . . . . 4 1 2 . Programmer 32 | . . . . . . . . . 1 . . . 1 . . . . 3 . . . 2 . . . . . . . . 3 . 3 9 7 3 . Heavy 1 | . . . . . . . 1 . . . . . . . . . . . . . . . . . . . . . . . . . . . . . . Compactor 2 | . . . . . . . . . . . . . . . . . . . 2 . . . . . . . . . . . . . . . . . . Cetus Guard 1 | . . . . . . . . . . . . . . . 1 . . . . . . . . . . . . . . . . . . . . . . S7 Guard 1 | . . . . . . . . . . . . . . . . . . . . . . . . . . . . . . . 1 . . . . . . Enhanced Grunt 21 | . . . . . . . . . . . . . . . . . . . . . . . . . . . . . . . . . . . . . 21 Enhanced Sentry 2 | . . . . . . . . . . . . . . . . . . . . . . . . . . . . . . . . . . . . . 2 Enhanced Hunter 5 | . . . . . . . . . . . . . . . . . . . . . . . . . . . . . . . . . . . . . 5 Hotshot 2 | . . . . . . . . . . . . . . . . . . . . . . . . . . . . . . . . . . 2 . . . Decapitator 8 | . . . . . . . . . . . . . . . . . . . . . . . . . . . . . . . . . . 8 . . . Immortal 2 | . . . . . . . . . . . . . . . . . . . . . . . . . . . . . . . . . . 2 . . . Combat Programmer 2 | . . . . . . . . . . . . . . . . . . . . . . . . . . . . . . . . . . . . 2 . V-Series 3 | . . . . . . . . . . . . . . . . . . . . . . . . . . . . . . . . . . 3 . . . Scientist 1 | . . . . . . . . . . 1 . . . . . . . . . . . . . . . . . . . . . . . . . . . Packrat 1 | . . . . . . . . . . . . . . . . . . . . . 1 . . . . . . . . . . . . . . . . Samaritan 1 | . . . . . . . . . . . . . . . . . . . . . . 1 . . . . . . . . . . . . . . . Tinkerer 1 | . . . . . . . . . . . . . . . . . . . . . . . . . . . . . . . . . . 1 . . . Wasp 4 | . . . . . . . . . . . . . . . . . . . 4 . . . . . . . . . . . . . . . . . . Martyr 1 | . . . . . . . . . . . . . . . . . . . 1 . . . . . . . . . . . . . . . . . . Mutant 1 | . . . . . . . . . . . . . . . . . . . . . . . . . . . 1 . . . . . . . . . . Best Kill Streak 12 | 1 3 6 12 5 . 3 10 5 4 . 1 . 2 7 1 1 . 9 2 3 3 6 . 5 6 5 4 1 3 3 5 2 5 4 8 7 5 Combat Bots Only 9 | . 3 6 3 4 . 3 9 4 1 . . . 1 7 1 . . 9 2 1 3 6 . 5 5 5 4 1 3 2 5 . 3 4 4 4 5 Max Kills in Single Turn 5 | 1 2 2 2 1 . 2 3 1 1 1 1 . 2 2 1 1 . 5 1 1 1 4 . 4 5 3 2 1 1 1 1 1 2 2 3 1 2 Gunslinging 1 | . 1 1 . . . . . . . . . . . . . . . . . . . . . . . . . . . . . . . . . . . Exploded 5 | . . . . . . 2 3 . . . . . . 2 . . . 5 1 . . 4 . 4 5 3 2 . 1 . . . . . . . . Melee 2 | . . . . . . . . . . . . . 1 1 1 . . 1 . 1 1 1 . 1 1 . 1 1 1 1 1 . 1 2 2 1 2 Uniques/NPCs Destroyed 11 | . . . . . . . . . . . . . . . . . . . . . . . . . . . . . . . 1 . . . 1 2 7 CL-0N3 (-3/Quarantine) 6S-H0T (-1/Access) MAIN.C Shell (-1/Command) MAIN.C (-1/Command) A8 (-1/Access_0) A6 (-1/Access_0) A5 (-1/Access_0) A2 (-1/Access_0) A4 (-1/Access_0) Architect (-1/Access_0) A3 (-1/Access_0) Combat | -11 -10 -10 -9 -9 -9 -8 -8 -8 -8 -8 -6 -6 -6 -6 -6 -6 -6 -5 -5 -5 -5 -5 -5 -4 -4 -4 -4 -4 -3 -3 -3 -2 -2 -2 -1 -1 -1 -------- Run | Yrd Mat Min Mat Min Exi Min Mat Sto Rec Scr Fac Was Fac Ext Cet Arc Hub Fac Was Fac Upp Upp Zhi Pro Fac Upp Upp War Pro Res Qua Res Tes Frg Acc Com Ac0 Hostile Shots Fired 1968 | . 51 56 104 18 . 13 149 104 17 . . 2 80 172 33 . 1 123 . 12 14 19 . 7 29 8 9 . 10 30 26 7 20 251 55 110 438 Missed 940 | . 14 12 37 4 . 3 38 29 1 . . . 38 82 10 . . 41 . 4 2 13 . 2 24 5 7 . 2 16 19 2 14 123 31 78 289 Deflected 10 | . . . . . . . . . . . . . . . . . . . . . . . . . . . . . 1 1 1 . 1 3 . . 3 Hits 1028 | . 37 44 67 14 . 10 111 75 16 . . 2 42 90 23 . 1 82 . 8 12 6 . 5 5 3 2 . 8 14 7 5 6 128 24 32 149 Melee 33 | . . . . . . . 4 . 5 . . 2 . . . . . . . . . . . . . . . . . . . . . 17 . . 5 Projectile 995 | . 37 44 67 14 . 10 107 75 11 . . . 42 90 23 . 1 82 . 8 12 6 . 5 5 3 2 . 8 14 7 5 6 111 24 32 144 AOE 2 | . . . . . . . . . . . . . . . . . . . . . . . . . . . . . . . . . . 2 . . . Critical Strikes 75 | . . 1 2 . . . 8 4 1 . . 1 . 1 3 . . 6 . . 1 1 . . 1 . . . 1 1 . 1 . 17 6 2 17 Actively Blocked 32 | . . . . . . . . . . . . . . . 1 . . . . . . . . . . . . . . . . 1 . 12 4 2 12 Part Disruptions 8 | . . . . . . . . . . . . . . . . . . 1 . . . . . 1 . . . . . . . . . . . 6 . Damage Taken 18844 | . 458 472 621 81 . 87 2003 1071 310 . 7 85 534 1213 715 . 66 1616 . 725 261 191 . 97 133 40 35 . 157 418 163 282 87 3387 288 765 2476 Core 3345 | . 35 73 74 19 . . 315 89 30 . 7 85 199 279 165 . 46 355 . 219 61 27 . 38 55 27 7 . 43 94 23 53 19 394 57 132 325 Absorbed by Shields 3763 | . . . 141 33 . 37 92 . . . . . 43 52 19 . . . . . . . . . . . . . . 44 . . . 277 264 719 2042 Redirected to Shielding 166 | . . . . . . . . . . . . . . 64 74 . . . . . . . . . . . . . . . . . . 28 . . . Ignored by Resistances 1101 | . . . . . . . 219 57 . . . . . . . . . . . . . . . . . . . . . 58 37 . 33 99 . . 598 Regen/Repaired (Parts) 3510 | . 178 . . . . . . . . . . . 11 119 51 31 . 284 250 376 104 25 . 2 38 13 . . 47 279 32 9 55 782 307 260 257 Core Remaining (%) 58 | 100 . 56 . . . 76 . . . 21 . . . . . . 8 . . . . . . 30 . . . . 88 . 91 . . 61 . . 57 Volleys Fired 516 | 3 49 35 91 11 . 12 98 61 26 . . . 9 11 4 . 6 9 7 . . 10 . 3 5 7 22 3 1 . 4 . 5 9 3 11 1 Largest 2 | 2 2 2 2 2 . 2 2 2 2 . . . 1 1 1 . 1 1 1 . . 1 . 1 1 1 1 1 1 . 1 . 1 1 1 1 1 Hottest 128 | 70 100 90 128 122 . 122 122 122 122 . . . 90 90 90 . 90 90 46 . . 46 . 90 90 90 90 90 46 . 90 . 100 100 120 94 30 Shots Fired 881 | 6 92 68 182 23 . 19 187 121 53 . . . 9 11 4 . 6 9 7 . . 10 . 3 5 7 22 3 1 . 4 . 5 9 3 11 1 Gun 559 | 6 86 68 38 23 . 13 149 121 53 . . . . . . . . . . . . . . . . . . . . . . . . . 1 . 1 Cannon 253 | . . . 144 . . . 29 . . . . . 7 6 4 . 6 3 . . . . . 2 3 5 20 3 . . 4 . 5 9 2 1 . Launcher 62 | . . . . . . 6 9 . . . . . 2 4 . . . 6 7 . . 10 . 1 2 2 2 . 1 . . . . . . 10 . Special 7 | . 6 . . . . . . . . . . . . 1 . . . . . . . . . . . . . . . . . . . . . . . Kinetic 229 | 3 43 33 122 . . . . . . . . . . . . . . . . . . . . . . . 13 . . . . . 5 9 . . 1 Thermal 586 | 3 49 35 60 23 . 13 178 120 53 . . . 7 6 4 . 6 3 . . . . . 2 3 5 7 3 . . 4 . . . 2 . . Explosive 52 | . . . . . . 6 9 . . . . . 2 4 . . . 6 7 . . 10 . 1 2 2 2 . 1 . . . . . . . . Electromagnetic 13 | . . . . . . . . 1 . . . . . . . . . . . . . . . . . . . . . . . . . . 1 11 . Robot Hit Streak 28 | 1 8 12 7 4 . 3 16 25 28 . . . 13 4 7 . . 1 5 . . 5 . . . . . . . . . . 6 19 2 3 4 Robot Miss Streak 5 | 1 3 5 3 2 . 3 4 2 1 . . . 1 . 1 . . 2 . . . 1 . . . . . . . . . . 2 5 . . . Penetration Max 1 | . . . . . . . . . . . . . . . . . . . . . . . . . . . . . . . . . . 1 . . . Secondary Targets 10 | . 1 2 . . . . 4 3 . . . . . . . . . . . . . . . . . . . . . . . . . . . . . Max Gunslinging Chain 1 | . 1 1 . . . . 1 1 . . . . . . . . . . . . . . . . . . . . . . . . . . . . . Autonomous 27 | . . . . . . . . . . . . . . . . . . . . . . . . . . . 1 . . . 2 . . 6 4 4 10 Shots Hit Robots 1384 | 3 59 48 111 14 . 7 128 85 45 2 2 . 46 48 12 4 2 61 14 17 11 11 . 1 25 . 7 5 4 49 27 3 11 118 73 83 248 Core Hits 743 | 1 27 22 51 6 . 12 85 39 14 1 1 . 24 34 4 2 1 31 10 6 5 26 . 5 16 5 7 2 3 22 10 3 12 78 28 34 116 Critical Kills 10 | . . . 1 . . . . . . . . . . . . . . . . . . . . . . . . . . . . . 4 5 . . . Critical Parts Destroyed 7 | . . . . . . . . . . . . . . . . . . . . . . . . . . . 1 . . . . . 2 4 . . . Critical Strikes 89 | 1 3 1 5 5 . . 15 9 3 . . . . . . . . 2 . . . . . . . . 1 2 . . . . 6 16 4 2 14 Burn 37 | 1 3 1 . 5 . . 15 9 3 . . . . . . . . . . . . . . . . . . . . . . . . . . . . Meltdown 1 | . . . 1 . . . . . . . . . . . . . . . . . . . . . . . . . . . . . . . . . . Destroy 21 | . . . . . . . . . . . . . . . . . . . . . . . . . . . 1 . . . . . 6 14 . . . Blast 4 | . . . 4 . . . . . . . . . . . . . . . . . . . . . . . . . . . . . . . . . . Melee Attacks 1209 | . . . 6 . . . . . . 2 5 1 90 54 12 4 22 89 10 33 25 13 . 3 42 5 21 9 6 69 40 13 24 140 100 110 261 Impact 2 | . . . . . . . . . . 2 . . . . . . . . . . . . . . . . . . . . . . . . . . . Slashing 1207 | . . . 6 . . . . . . . 5 1 90 54 12 4 22 89 10 33 25 13 . 3 42 5 21 9 6 69 40 13 24 140 100 110 261 Piercing . | . . . . . . . . . . . . . . . . . . . . . . . . . . . . . . . . . . . . . . Sneak Attacks 162 | . . . . . . . . . . 2 . . 16 7 . 2 . 15 10 8 1 2 . . 8 . . 1 . 15 5 3 3 17 23 16 8 Combat Hostiles 22 | . . . . . . . . . . . . . 1 4 . . . . . . . . . . . . . 1 . 1 2 . . 5 6 1 1 Follow-up Attacks 33 | . . . . . . . . . . . . . . . 1 . . 1 . . . 1 . . . . . . . . 1 . . 10 4 . 15 Martial Strikes 22 | . . . . . . . . . . . . . . . . . . . . . . . . . . . . . . . . . . 2 16 4 . Damage Inflicted 90869 | 38 684 491 2557 313 . 594 4243 1810 960 232 99 . 2948 3893 505 273 74 4126 2670 1066 514 1969 . 379 2055 402 864 480 447 4647 3095 512 1176 11083 8220 8912 18538 Guns 7019 | 37 677 477 494 306 . 82 2147 1780 954 . . . . . . . . . . . . . . . . . . . . . . . . . . . 65 Cannons 5352 | . . . 2047 . . . 392 . . . . . 32 34 117 . . . . . . . . . . . 117 . . . 175 . 41 699 417 373 908 Explosions 9990 | . . . . . . 508 1680 . . . . . 182 1360 . . . 1067 1858 . . 1603 . 329 588 402 260 . 153 . . . . . . . . Melee 68399 | . . . . . . . . . . 232 99 . 2734 2499 388 273 74 3059 812 1066 514 366 . 50 1467 . 487 480 294 4647 2920 512 1135 10384 7803 8539 17565 Ramming 109 | 1 7 14 16 7 . 4 24 30 6 . . . . . . . . . . . . . . . . . . . . . . . . . . . . Kinetic 2492 | . 259 184 1710 . . . . . . . . . . . . . . . . . . . . . . . 35 . . . . . 41 198 . . 65 Thermal 7468 | 37 418 293 831 306 . 82 2539 1780 954 . . . 32 34 117 . . . . . . . . . . . . . . . . . . . 45 . . Explosive 9888 | . . . . . . 508 1578 . . . . . 182 1360 . . . 1067 1858 . . 1603 . 329 588 402 260 . 153 . . . . . . . . Electromagnetic 111 | . . . . . . . 102 . . . . . . . . . . . . . . . . . . . . . . . . . . . . 9 . Impact 232 | . . . . . . . . . . 232 . . . . . . . . . . . . . . . . . . . . . . . . . . . Slashing 68167 | . . . . . . . . . . . 99 . 2734 2499 388 273 74 3059 812 1066 514 366 . 50 1467 . 487 480 294 4647 2920 512 1135 10384 7803 8539 17565 Piercing . | . . . . . . . . . . . . . . . . . . . . . . . . . . . . . . . . . . . . . . Phasic 2402 | . . . . . . . . . . . . . . . . . . . . . . . . . . . 82 . . . 175 . . 501 372 364 908 Highest Corruption 13 | . . . 5 5 5 5 . . 1 . . 10 10 . . . . 11 11 11 7 7 . . . . . . . 1 . . 2 13 1 . . Average Corruption 5 | . . . 4 5 5 5 . . 1 . . 10 5 . . . . 8 11 8 7 6 . . . . . . . 1 . . 1 6 1 . . Corruption Purged 25 | . . . . . . . . . . . . . 11 . . . . . . 5 . 7 . . . . . . . 1 . . . . 1 . . Corruption Blocked . | . . . . . . . . . . . . . . . . . . . . . . . . . . . . . . . . . . . . . . Effects 245 | . . . 28 20 6 14 . . 10 . . 1 25 . . . . 29 12 25 13 17 . . . . . . . . . . . 42 3 . . Message Errors 63 | . . . 7 4 3 4 . . 4 . . . 8 . . . . 6 4 7 1 4 . . . . . . . . . . . 11 . . . Matter Fused 65 | . . . 7 7 1 3 . . 1 . . . 9 . . . . 9 2 6 6 4 . . . . . . . . . . . 9 1 . . Heat Flow Errors 23 | . . . 2 1 1 3 . . . . . . 2 . . . . 3 2 4 1 2 . . . . . . . . . . . 1 1 . . Energy Discharges 23 | . . . 4 3 . . . . . . . . 2 . . . . 5 1 1 1 3 . . . . . . . . . . . 3 . . . Parts Rejected 5 | . . . 2 1 . . . . . . . . . . . . . . 1 . . . . . . . . . . . . . . 1 . . . Parts Fused 2 | . . . . . . 1 . . . . . . . . . . . 1 . . . . . . . . . . . . . . . . . . . Data Loss (minor) 37 | . . . 4 2 . 2 . . 3 . . 1 2 . . . . 4 1 5 1 2 . . . . . . . . . . . 9 1 . . Data Loss (major) 11 | . . . . 1 1 . . . 1 . . . 1 . . . . . . 1 2 1 . . . . . . . . . . . 3 . . . Misfires 4 | . . . 1 1 . 1 . . 1 . . . . . . . . . . . . . . . . . . . . . . . . . . . . Alerts 4 | . . . . . . . . . . . . . 1 . . . . 1 . . 1 1 . . . . . . . . . . . . . . . Misdirections 7 | . . . . . . . . . . . . . . . . . . . 1 1 . . . . . . . . . . . . . 5 . . . Weapon Failures 1 | . . . 1 . . . . . . . . . . . . . . . . . . . . . . . . . . . . . . . . . . Overload Shots . | . . . . . . . . . . . . . . . . . . . . . . . . . . . . . . . . . . . . . . Overflow Damage 9458 | . . . 5 . . 19 63 . . 125 2 . 207 346 . 36 3 599 75 298 23 107 . 30 485 26 64 15 85 518 507 . 284 1339 2187 1525 485 Projectiles 160 | . . . 5 . . . . . . . . . . . . . . . . . . . . . . . . . . . . . . 38 34 26 57 Explosions 729 | . . . . . . 19 63 . . . . . 1 16 . . . 316 . . . 107 . 30 60 26 6 . 85 . . . . . . . . Melee 8569 | . . . . . . . . . . 125 2 . 206 330 . 36 3 283 75 298 23 . . . 425 . 58 15 . 518 507 . 284 1301 2153 1499 428 Knockbacks 23 | . . . 9 . . . . 1 . 2 . . . . . . . . . . . . . . . . . . . . . . 1 10 . . . Impact 2 | . . . . . . . . 1 . 1 . . . . . . . . . . . . . . . . . . . . . . . . . . . Kinetic 20 | . . . 9 . . . . . . . . . . . . . . . . . . . . . . . . . . . . . 1 10 . . . Secondary 1 | . . . . . . . . . . 1 . . . . . . . . . . . . . . . . . . . . . . . . . . . Self-Inflicted Damage 254 | . . . . . . . 107 . . . . . . 31 . . . 50 . . . 66 . . . . . . . . . . . . . . . Shots 5 | . . . . . . . 2 . . . . . . 1 . . . 1 . . . 1 . . . . . . . . . . . . . . . Rammed 16 | 1 3 4 1 1 . 1 1 2 2 . . . . . . . . . . . . . . . . . . . . . . . . . . . . Targets Rammed 25 | 1 4 6 5 1 . 1 2 3 2 . . . . . . . . . . . . . . . . . . . . . . . . . . . . Kicked 6 | . . 2 4 . . . . . . . . . . . . . . . . . . . . . . . . . . . . . . . . . . Crushed 3 | . 1 . . . . . 1 1 . . . . . . . . . . . . . . . . . . . . . . . . . . . . . Highest Temperature 450 | 60 185 50 150 191 122 175 300 141 153 . . 20 245 210 176 . 102 218 224 450 126 128 6 36 52 320 188 207 12 110 . 79 252 314 205 1 . Average Temperature 54 | 29 38 16 65 100 77 93 80 31 28 . . 20 32 44 89 . 35 82 81 103 63 21 3 21 16 106 70 75 7 35 . 18 49 153 89 1 . Received Heat Transfer 3108 | . 258 183 208 . . 30 583 495 36 . . . 78 379 85 . 9 180 . 36 90 . . . 12 . . . 27 49 9 9 18 229 24 12 69 Effects 7 | . . . . . . . 5 . . . . . . . . . . . . 1 . . . . . . . . . . . . 1 . . . . Shutdowns 1 | . . . . . . . . . . . . . . . . . . . . 1 . . . . . . . . . . . . . . . . . Energy Bleed 2 | . . . . . . . 1 . . . . . . . . . . . . . . . . . . . . . . . . . 1 . . . . Interference 4 | . . . . . . . 4 . . . . . . . . . . . . . . . . . . . . . . . . . . . . . . Siege Activations . | . . . . . . . . . . . . . . . . . . . . . . . . . . . . . . . . . . . . . . Martial Activations . | . . . . . . . . . . . . . . . . . . . . . . . . . . . . . . . . . . . . . . Shielding Activations . | . . . . . . . . . . . . . . . . . . . . . . . . . . . . . . . . . . . . . . Robots Disrupted 8 | . . . . . . . 1 . . . . . . . . . . . . . . . . . 1 . . . . 2 . . 1 . 1 1 1 Combat Hostiles 5 | . . . . . . . . . . . . . . . . . . . . . . . . . . . . . . 1 . . 1 . 1 1 1 Robots Corrupted 1 | . . . . . . . . . . 1 . . . . . . . . . . . . . . . . . . . . . . . . . . . Combat Hostiles . | . . . . . . . . . . . . . . . . . . . . . . . . . . . . . . . . . . . . . . Parts Fried 1 | . . . . . . . . . . . . . . . . . . . . . . . . . . . . . . . . . . . . 1 . Impact Corruptions 4 | . . . . . . . . . . 4 . . . . . . . . . . . . . . . . . . . . . . . . . . . Robots Melted 4 | . . . 1 . . . 2 1 . . . . . . . . . . . . . . . . . . . . . . . . . . . . . Combat Hostiles 3 | . . . . . . . 2 1 . . . . . . . . . . . . . . . . . . . . . . . . . . . . . Parts Melted 30 | . 2 1 2 2 . . 9 9 2 . . . . 3 . . . . . . . . . . . . . . . . . . . . . . . Heat Transferred 16506 | 185 1258 830 1554 888 . 148 5534 3885 1887 . . . 50 50 200 . . . . . . . . . . . . . . . . . . . 37 . . Parts Sabotaged . | . . . . . . . . . . . . . . . . . . . . . . . . . . . . . . . . . . . . . . Parts Stolen . | . . . . . . . . . . . . . . . . . . . . . . . . . . . . . . . . . . . . . . Parts Stripped 125 | . . . . . . . . . . . . . . . . . . . . . . . . . . . . . . . . . . 8 28 . 89 Power Chain Reactions 2 | . . . . . . . . . . . . . . . . . . . . . . . . . . . . . . . . . . . . 2 . Alert | -11 -10 -10 -9 -9 -9 -8 -8 -8 -8 -8 -6 -6 -6 -6 -6 -6 -6 -5 -5 -5 -5 -5 -5 -4 -4 -4 -4 -4 -3 -3 -3 -2 -2 -2 -1 -1 -1 ------- Run | Yrd Mat Min Mat Min Exi Min Mat Sto Rec Scr Fac Was Fac Ext Cet Arc Hub Fac Was Fac Upp Upp Zhi Pro Fac Upp Upp War Pro Res Qua Res Tes Frg Acc Com Ac0 Maximum Alert Level 3 | . . . 2 . . . 2 1 . . . . . 2 1 1 1 1 . . . . . . 2 . . . . . . . 1 3 3 3 . Low Security (%) 61 | 100 100 100 20 100 . 100 48 52 100 . 100 100 100 78 57 74 16 31 100 100 . . . . 41 . . . . 100 100 100 95 11 . . . Level 1 19 | . . . 75 . . . 13 47 . . . . . 3 42 25 83 68 . . . . . . 50 . . . . . . . 4 17 . . . Level 2 10 | . . . 4 . . . 37 . . . . . . 17 . . . . . . . . . . 7 . . . . . . . . 29 30 38 . Level 3 9 | . . . . . . . . . . . . . . . . . . . . . . . . . . . . . . . . . . 41 69 61 . Level 4 . | . . . . . . . . . . . . . . . . . . . . . . . . . . . . . . . . . . . . . . Level 5 . | . . . . . . . . . . . . . . . . . . . . . . . . . . . . . . . . . . . . . . High Security . | . . . . . . . . . . . . . . . . . . . . . . . . . . . . . . . . . . . . . . Max Security . | . . . . . . . . . . . . . . . . . . . . . . . . . . . . . . . . . . . . . . Peak Influence 1055 | 5 86 138 412 189 . 85 608 307 53 . 47 6 77 518 272 207 331 300 93 183 . . . . 437 . . . . 94 72 79 201 949 1055 702 . Initial 669 | . . . 22 159 . . . 189 13 . . 5 . 4 272 77 65 147 83 23 . . . . 37 . . . . 6 27 . 44 101 545 669 . Average 192 | . 28 40 277 96 . 22 245 179 8 . 20 3 19 152 186 160 256 187 61 49 . . . . 228 . . . . 56 32 38 96 582 750 660 . Influence Increases 13710 | 5 351 320 1094 155 . 175 1168 706 308 . 72 7 546 1186 272 180 417 660 90 480 75 360 . 110 682 110 180 5 60 392 210 123 392 1409 812 433 165 Destroy 0b10 Robot/C 6800 | . 240 260 680 100 . 120 720 380 100 . 40 . 60 560 160 80 100 380 . 140 60 260 . 100 300 100 80 . 60 80 100 . 140 800 420 180 . Destroy 0b10 Robot/NC 895 | 5 5 5 100 5 . 5 80 60 35 . 5 . 95 25 10 10 . 55 . 35 . 5 . . 45 . . 5 . 90 10 15 15 35 70 70 . Destroy Leader 1244 | . 60 50 208 20 . 20 174 132 . . 12 . 34 62 . . 20 44 . 24 . 20 . 10 34 10 10 . . 64 12 6 12 80 100 26 . Allied During Kill 582 | . . 5 15 . . . . . . . . . . 231 89 60 37 . . 145 . . . . . . . . . . . . . . . . . Successful Hack 500 | . 24 . 20 . . . 27 39 23 . . . 90 42 . . 12 8 . 11 . . . . 76 . . . . 21 13 . 6 . 84 4 . Select Force Hacks 240 | . . . 60 . . . 30 . 150 . . . . . . . . . . . . . . . . . . . . . . . . . . . . Disable Machine 675 | . . . . . . . 30 90 . . . . 15 15 . . . . . 15 . . . . 30 . . . . . 30 15 90 195 30 30 90 Anti-Garrison Action 350 | . . . . . . . . . . . . . . . . . 150 . . . . . . . . . . . . . . . . 200 . . . Destroy Structure 924 | . 7 . 11 . . 30 62 5 . . . 7 57 41 13 . 23 128 90 20 . . . . 62 . . . . 32 30 27 39 9 108 78 45 Partial Spotted 795 | . . . . . . . . . . . 15 . 165 195 . 30 30 30 . 30 . . . . 90 . . . . 30 15 45 45 30 . 15 30 Lose Combat Pursuer 705 | . 15 . . 30 . . 45 . . . . . 30 15 . . 45 15 . 60 15 75 . . 45 . 90 . . 75 . 15 45 60 . 30 . Influence Decreases 13575 | 5 351 261 743 565 . 175 718 1121 333 10 55 24 537 707 566 187 302 724 295 453 135 252 108 50 313 329 200 195 50 352 260 44 290 680 675 678 832 Entered New Map 3603 | . . . 37 251 . . . 261 22 10 . 12 . 5 216 117 122 155 155 10 23 . 108 . 23 159 40 190 . 4 23 . 35 80 365 378 802 Time Decay 7669 | 5 351 201 536 314 . 175 528 530 245 . 30 6 405 420 170 50 140 335 140 241 102 242 . 50 230 170 160 5 50 348 184 44 152 530 310 270 . Lost Part 480 | . . 40 . . . . 40 30 20 . . . . 30 40 . . 90 . 30 10 10 . . . . . . . . . . 10 70 . 30 30 Lost Ally 674 | . . 20 20 . . . . . . . 25 6 20 156 140 20 40 . . 167 . . . . 60 . . . . . . . . . . . . Purge Threat 1149 | . . . 150 . . . 150 300 46 . . . 112 96 . . . 144 . 5 . . . . . . . . . . 53 . 93 . . . . Squads Dispatched 103 | . 4 . 4 . . . 7 1 . . 1 . 19 2 . . 9 8 . 8 . . . . 6 . . . . 11 3 1 3 7 4 5 . Investigation 38 | . 3 . 2 . . . 1 . . . . . 10 2 . . 5 . . 2 . . . . 4 . . . . 6 . . . 1 2 . . Extermination 26 | . . . . . . . . . . . . . 5 . . . 1 2 . 2 . . . . 1 . . . . 1 2 . 3 4 2 3 . Reinforcement 29 | . 1 . 2 . . . 5 1 . . . . 3 . . . . 5 . 4 . . . . 1 . . . . 4 1 1 . . . 1 . Assault 6 | . . . . . . . 1 . . . . . . . . . 2 . . . . . . . . . . . . . . . . 2 . 1 . Garrison 4 | . . . . . . . . . . . 1 . 1 . . . 1 1 . . . . . . . . . . . . . . . . . . . Intercept . | . . . . . . . . . . . . . . . . . . . . . . . . . . . . . . . . . . . . . . Searches Triggered . | . . . . . . . . . . . . . . . . . . . . . . . . . . . . . . . . . . . . . . Unchained Authorized 2 | . . . . . . . . . . . . . . . . . . . . . . . . . . . . . . . 1 . . . 1 . . Construction Impeded 3 | . . . . . . . 1 . . . . . . . . . . . . 1 . . . . 1 . . . . . . . . . . . . Haulers Reinforced 5 | . . . . . . . . . . . . . 2 . . . . 2 . 1 . . . . . . . . . . . . . . . . . Active Scanning Responses . | . . . . . . . . . . . . . . . . . . . . . . . . . . . . . . . . . . . . . . Cargo Convoy Interrupts . | . . . . . . . . . . . . . . . . . . . . . . . . . . . . . . . . . . . . . . Stealth | -11 -10 -10 -9 -9 -9 -8 -8 -8 -8 -8 -6 -6 -6 -6 -6 -6 -6 -5 -5 -5 -5 -5 -5 -4 -4 -4 -4 -4 -3 -3 -3 -2 -2 -2 -1 -1 -1 --------- Run | Yrd Mat Min Mat Min Exi Min Mat Sto Rec Scr Fac Was Fac Ext Cet Arc Hub Fac Was Fac Upp Upp Zhi Pro Fac Upp Upp War Pro Res Qua Res Tes Frg Acc Com Ac0 Distress Signals 49 | . 1 1 4 . . . 8 4 . . 3 . 1 1 1 . 3 3 . . . 1 . . . . . . . . . 1 . . . 17 . Communications Jammed 16 | . . . . . . . . . . . . . . . . . . . . . . . . . . . . . . 4 2 1 4 . 5 . . Distress Signals 15 | . . . . . . . . . . . . . . . . . . . . . . . . . . . . . . 4 2 . 4 . 5 . . Times Spotted 602 | . 21 13 47 6 . 6 54 27 4 . 6 5 35 30 10 6 10 44 12 21 3 14 . 2 14 5 8 . 2 20 11 4 16 50 24 13 59 Peak Tracking Total 10 | . 3 6 5 4 . 3 8 4 1 . 3 5 8 9 5 1 7 10 6 6 3 6 . 1 6 5 5 . 2 3 4 5 5 6 4 6 6 Tactical Retreats 50 | . 1 . . 1 . . 3 . . . . . 7 1 . . 2 10 2 3 1 4 . . 1 . 3 . . 4 . 1 2 3 . 1 . ECM-based Alert Blocks 41 | . . . . . . . . . . . . . 20 . . . . 21 . . . . . . . . . . . . . . . . . . . ID Masks Used 1 | . . . . . . . . . . 1 . . . . . . . . . . . . . . . . . . . . . . . . . . . IFF Responses 4 | . . . . . . . . . . . 4 . . . . . . . . . . . . . . . . . . . . . . . . . . Traps | -11 -10 -10 -9 -9 -9 -8 -8 -8 -8 -8 -6 -6 -6 -6 -6 -6 -6 -5 -5 -5 -5 -5 -5 -4 -4 -4 -4 -4 -3 -3 -3 -2 -2 -2 -1 -1 -1 ------- Run | Yrd Mat Min Mat Min Exi Min Mat Sto Rec Scr Fac Was Fac Ext Cet Arc Hub Fac Was Fac Upp Upp Zhi Pro Fac Upp Upp War Pro Res Qua Res Tes Frg Acc Com Ac0 Traps Triggered 40 | . 4 . 1 . . . . . . . 1 . 2 6 . . 1 1 . 2 . . . . 1 . . . . 4 . 1 1 14 . 1 . Indirectly . | . . . . . . . . . . . . . . . . . . . . . . . . . . . . . . . . . . . . . . Trap Hack Attempts . | . . . . . . . . . . . . . . . . . . . . . . . . . . . . . . . . . . . . . . Triggered . | . . . . . . . . . . . . . . . . . . . . . . . . . . . . . . . . . . . . . . Disarmed . | . . . . . . . . . . . . . . . . . . . . . . . . . . . . . . . . . . . . . . Reprogrammed . | . . . . . . . . . . . . . . . . . . . . . . . . . . . . . . . . . . . . . . Reused . | . . . . . . . . . . . . . . . . . . . . . . . . . . . . . . . . . . . . . . Traps Extracted . | . . . . . . . . . . . . . . . . . . . . . . . . . . . . . . . . . . . . . . Installed . | . . . . . . . . . . . . . . . . . . . . . . . . . . . . . . . . . . . . . . Triggered . | . . . . . . . . . . . . . . . . . . . . . . . . . . . . . . . . . . . . . . Machines | -11 -10 -10 -9 -9 -9 -8 -8 -8 -8 -8 -6 -6 -6 -6 -6 -6 -6 -5 -5 -5 -5 -5 -5 -4 -4 -4 -4 -4 -3 -3 -3 -2 -2 -2 -1 -1 -1 ---------- Run | Yrd Mat Min Mat Min Exi Min Mat Sto Rec Scr Fac Was Fac Ext Cet Arc Hub Fac Was Fac Upp Upp Zhi Pro Fac Upp Upp War Pro Res Qua Res Tes Frg Acc Com Ac0 Machines Disabled 55 | . 1 . . . . . 2 6 . . . . 1 1 . . 1 . . 1 . . . . 2 . 1 4 . . 2 1 6 16 2 2 6 Max in Single Turn 1 | . 1 . . . . . 1 1 . . . . 1 1 . . . . . 1 . . . . 1 . 1 1 . . 1 1 1 1 1 1 1 Garrison Access 6 | . . . . . . . . . . . . . 1 . . . 1 1 . . . . . . . . . . . 1 . . . 1 1 . . Energy Cycler 1 | . . . . . . . . . . . . . . . . . . . . . . . . . . . . . . . . . . . 1 . . Machines Repaired . | . . . . . . . . . . . . . . . . . . . . . . . . . . . . . . . . . . . . . . Machines Dismantled 1 | . . . . . . . . 1 . . . . . . . . . . . . . . . . . . . . . . . . . . . . . Machines Sabotaged . | . . . . . . . . . . . . . . . . . . . . . . . . . . . . . . . . . . . . . . Overloaded Fab Kills . | . . . . . . . . . . . . . . . . . . . . . . . . . . . . . . . . . . . . . . Hacking | -11 -10 -10 -9 -9 -9 -8 -8 -8 -8 -8 -6 -6 -6 -6 -6 -6 -6 -5 -5 -5 -5 -5 -5 -4 -4 -4 -4 -4 -3 -3 -3 -2 -2 -2 -1 -1 -1 --------- Run | Yrd Mat Min Mat Min Exi Min Mat Sto Rec Scr Fac Was Fac Ext Cet Arc Hub Fac Was Fac Upp Upp Zhi Pro Fac Upp Upp War Pro Res Qua Res Tes Frg Acc Com Ac0 Machines Accessed 185 | . 7 . 11 . 1 . 7 11 10 4 . . 28 10 . . 6 5 . 8 . 1 4 . 9 1 . 5 . 18 6 3 9 3 11 5 2 Terminals 109 | . 5 . 7 . . . 6 10 5 . . . 13 9 . . 6 3 . 6 . . . . 4 . . . . 7 4 2 6 2 9 5 . Fabricators 12 | . . . . . . . . . . . . . 4 . . . . 1 . . . . . . 2 . . . . 4 . 1 . . . . . Repair Stations 3 | . 1 . . . . . . . . . . . 1 1 . . . . . . . . . . . . . . . . . . . . . . . Recycling Units 23 | . 1 . 2 . . . 1 1 5 . . . 6 . . . . . . 2 . . . . 2 . . . . 3 . . . . . . . Scanalyzers 12 | . . . 2 . . . . . . . . . 2 . . . . . . . . . . . 1 . . . . 2 2 . 2 . 1 . . Garrison Access 8 | . . . . . . . . . . . . . 2 . . . . 1 . . . . . . . . . . . 2 . . 1 1 1 . . Total Hacks 462 | . 28 . 29 . 1 . 22 27 26 13 . . 74 32 . . 12 13 . 17 . 1 17 . 24 1 . 11 . 28 12 4 21 5 19 6 19 Successful 258 | . 15 . 16 . 1 . 15 14 19 13 . . 43 14 . . 2 5 . 8 . 1 17 . 15 1 . 11 . 5 5 . 10 2 6 1 19 Failed 202 | . 13 . 12 . . . 7 13 7 . . . 31 18 . . 10 8 . 9 . . . . 9 . . . . 22 7 4 11 3 13 5 . Catastrophic 49 | . 2 . 1 . . . 2 4 1 . . . 4 1 . . 2 2 . 2 . . . . . . . . . 9 4 2 4 1 5 3 . Database Lockouts 2 | . . . 1 . . . . . . . . . . . . . . . . . . . . . . . . . . 1 . . . . . . . Manual 167 | . 9 . 19 . . . 12 8 19 . . . 33 16 1 . 8 4 . 6 . . . . 10 . . . . 5 2 2 4 2 6 1 . Terminals 274 | . 21 . 21 . . . 20 26 19 . . . 34 29 . . 12 7 . 14 . . . . 9 . . . . 10 9 3 15 3 16 6 . Fabricators 25 | . . . . . . . . . . . . . 11 . . . . 2 . . . . . . 5 . . . . 6 . 1 . . . . . Repair Stations 14 | . 5 . . . . . . . . . . . 6 3 . . . . . . . . . . . . . . . . . . . . . . . Recycling Units 43 | . 2 . 4 . . . 2 1 7 . . . 13 . . . . . . 3 . . . . 6 . . . . 5 . . . . . . . Scanalyzers 28 | . . . 4 . . . . . . . . . 7 . . . . . . . . . . . 4 . . . . 4 3 . 4 . 2 . . Garrison Access 15 | . . . . . . . . . . . . . 3 . . . . 4 . . . . . . . . . . . 3 . . 2 2 1 . . Terminal Hacks 138 | . 4 . 6 . 1 . 7 8 5 13 . . 13 6 . . 1 2 . 5 . 1 17 . 4 1 . 11 . . 3 . 6 1 3 1 19 Record 35 | . . . . . 1 . . . . 7 . . . . . . . . . . . . 5 . . . . 5 . . . . . . . . 17 Part Schematic 5 | . . . . . . . . . . . . . 1 . . . . . . . . . 4 . . . . . . . . . . . . . . Robot Analysis 13 | . . . 4 . . . . . . 5 . . . . . . . . . . . . 4 . . . . . . . . . . . . . . Prototype ID Bank 25 | . 2 . 1 . . . 3 . 2 . . . 2 2 . . . . . . . . 4 . 1 . . 5 . . 1 . 2 . . . . Open Door 12 | . . . . . . . . 4 . 1 . . . 1 . . . . . . . 1 . . . 1 . 1 . . . . . . 2 1 . Branch Access Points 5 | . 1 . . . . . 1 . . . . . 1 . . . . . . 1 . . . . . . . . . . . . . . 1 . . Emergency Access Points 2 | . . . . . . . 1 . . . . . . . . . . . . 1 . . . . . . . . . . . . . . . . . Terminal Index 3 | . . . . . . . . 1 . . . . 1 1 . . . . . . . . . . . . . . . . . . . . . . . Alert Level 2 | . . . . . . . . . . . . . . 1 . . . . . . . . . . . . . . . . . . 1 . . . . Unreport Threat 13 | . . . 1 . . . 1 2 2 . . . 2 1 . . . 1 . 1 . . . . . . . . . . 1 . 1 . . . . Locate Traps 7 | . . . . . . . 1 1 . . . . 2 . . . . 1 . 1 . . . . . . . . . . . . 1 . . . . Transport Status 1 | . . . . . . . . . . . . . 1 . . . . . . . . . . . . . . . . . . . . . . . . Recall Extermination 2 | . . . . . . . . . . . . . . . . . . . . . . . . . 2 . . . . . . . . . . . . Hauler Manifests 5 | . 1 . . . . . . . . . . . 2 . . . . . . 1 . . . . . . . . . . 1 . . . . . . Registered Components 3 | . . . . . . . . . 1 . . . 1 . . . . . . . . . . . 1 . . . . . . . . . . . . Zone Layout 2 | . . . . . . . . . . . . . . . . . 1 . . . . . . . . . . . . . . . 1 . . . . Proto ID Catalog 1 | . . . . . . . . . . . . . . . . . . . . . . . . . . . . . . . . . . 1 . . . Gate Test 138-A 1 | . . . . . . . . . . . . . . . . . . . . . . . . . . . . . . . . . . . . . 1 Gate Test 138-B 1 | . . . . . . . . . . . . . . . . . . . . . . . . . . . . . . . . . . . . . 1 Fabricator Hacks 9 | . . . . . . . . . . . . . 6 . . . . 1 . . . . . . 1 . . . . 1 . . . . . . . Network Status 1 | . . . . . . . . . . . . . . . . . . 1 . . . . . . . . . . . . . . . . . . . Load Schematic 5 | . . . . . . . . . . . . . 4 . . . . . . . . . . . 1 . . . . . . . . . . . . Build 3 | . . . . . . . . . . . . . 2 . . . . . . . . . . . . . . . . 1 . . . . . . . Repair Station Hacks 7 | . 4 . . . . . . . . . . . 1 2 . . . . . . . . . . . . . . . . . . . . . . . Scan Component 4 | . 2 . . . . . . . . . . . 1 1 . . . . . . . . . . . . . . . . . . . . . . . Repair 3 | . 2 . . . . . . . . . . . . 1 . . . . . . . . . . . . . . . . . . . . . . . Recycling Unit Hacks 7 | . 1 . 1 . . . 1 . 2 . . . 1 . . . . . . . . . . . 1 . . . . . . . . . . . . Retrieve Components 7 | . 1 . 1 . . . 1 . 2 . . . 1 . . . . . . . . . . . 1 . . . . . . . . . . . . Scanalyzer 16 | . . . 1 . . . . . . . . . 4 . . . . . . . . . . . 3 . . . . 1 2 . 4 . 1 . . Insert Component 8 | . . . . . . . . . . . . . 2 . . . . . . . . . . . 1 . . . . . 1 . 4 . . . . Analyze 1 | . . . . . . . . . . . . . 1 . . . . . . . . . . . . . . . . . . . . . . . . Retrieve Study 7 | . . . 1 . . . . . . . . . 1 . . . . . . . . . . . 2 . . . . 1 1 . . . 1 . . Garrison Access Hacks 4 | . . . . . . . . . . . . . 1 . . . . 1 . . . . . . . . . . . 1 . . . . 1 . . Seal Access 4 | . . . . . . . . . . . . . 1 . . . . 1 . . . . . . . . . . . 1 . . . . 1 . . Unauthorized Hacks 77 | . 6 . 8 . . . 7 6 12 . . . 17 6 . . 1 1 . 3 . . . . 6 . . . . 2 . . . 1 1 . . Terminals 48 | . 6 . 6 . . . 6 6 7 . . . 8 5 . . 1 . . 1 . . . . 1 . . . . . . . . . 1 . . Assimilate 2 | . . . . . . . . . . . . . 2 . . . . . . . . . . . . . . . . . . . . . . . . Botnet 12 | . 1 . 1 . . . 1 2 2 . . . 1 1 . . . . . 1 . . . . 1 . . . . . . . . . 1 . . Skim 33 | . 5 . 5 . . . 5 4 5 . . . 5 4 . . . . . . . . . . . . . . . . . . . . . . . Sabotage 1 | . . . . . . . . . . . . . . . . . 1 . . . . . . . . . . . . . . . . . . . . Fabricators 6 | . . . . . . . . . . . . . 2 . . . . 1 . . . . . . 3 . . . . . . . . . . . . Liberate 1 | . . . . . . . . . . . . . . . . . . . . . . . . . 1 . . . . . . . . . . . . Haulers 2 | . . . . . . . . . . . . . . . . . . 1 . . . . . . 1 . . . . . . . . . . . . Recompile 3 | . . . . . . . . . . . . . 2 . . . . . . . . . . . 1 . . . . . . . . . . . . Repair Stations 2 | . . . . . . . . . . . . . 1 1 . . . . . . . . . . . . . . . . . . . . . . . Patch 2 | . . . . . . . . . . . . . 1 1 . . . . . . . . . . . . . . . . . . . . . . . Recycling Units 20 | . . . 2 . . . 1 . 5 . . . 6 . . . . . . 2 . . . . 2 . . . . 2 . . . . . . . Tunnel 8 | . . . 2 . . . 1 . 5 . . . . . . . . . . . . . . . . . . . . . . . . . . . . Fedlink 12 | . . . . . . . . . . . . . 6 . . . . . . 2 . . . . 2 . . . . 2 . . . . . . . Scanalyzers . | . . . . . . . . . . . . . . . . . . . . . . . . . . . . . . . . . . . . . . Garrison Access 1 | . . . . . . . . . . . . . . . . . . . . . . . . . . . . . . . . . . 1 . . . Jam 1 | . . . . . . . . . . . . . . . . . . . . . . . . . . . . . . . . . . 1 . . . Data Cores Recovered 10 | . . . 1 . . . 1 . . . . . 1 . . . . . . . . . . . 2 . . . . 1 . . 1 1 1 1 . Used 3 | . . . . . . . . . . . . . 1 . . . . . . . . . . . . . . . . 1 . . . . 1 . . Hacking Detections 139 | . 7 . 11 . . . 6 9 5 . . . 22 9 . . 5 5 . 7 . . . . 8 . . . . 15 6 3 7 2 8 4 . Full Trace Events 12 | . 1 . . . . . . 1 . . . . 1 1 . . 3 . . . . . . . . . . . . 3 . . . . 2 . . Feedback Events . | . . . . . . . . . . . . . . . . . . . . . . . . . . . . . . . . . . . . . . Feedback Blocked . | . . . . . . . . . . . . . . . . . . . . . . . . . . . . . . . . . . . . . . Robot Schematics Acquired 54 | . . . . . . . . . . . . . . . . . . . . . . . . . . . . . . . 54 . . . . . . Robots Built . | . . . . . . . . . . . . . . . . . . . . . . . . . . . . . . . . . . . . . . Authchips . | . . . . . . . . . . . . . . . . . . . . . . . . . . . . . . . . . . . . . . Time . | . . . . . . . . . . . . . . . . . . . . . . . . . . . . . . . . . . . . . . Total Robot Build Rating . | . . . . . . . . . . . . . . . . . . . . . . . . . . . . . . . . . . . . . . Part Schematics Acquired 48 | . . . . . . . . . . 1 2 . 23 11 1 . . . . . . . 4 . . . . . . . . . 2 4 . . . Parts Built 3 | . . . . . . . . . . . . . 2 . . . . . . . . . . . . . . . . 1 . . . . . . . Authchips 2 | . . . . . . . . . . . . . 2 . . . . . . . . . . . . . . . . . . . . . . . . Time 209 | . . . . . . . . . . . . . 135 . . . . . . . . . . . . . . . . 74 . . . . . . . Total Part Build Rating 20 | . . . . . . . . . . . . . 11 . . . . . . . . . . . . . . . . 9 . . . . . . . Part Studies Acquired 7 | . . . 1 . . . . . . . . . 1 . . . . . . . . . . . 2 . . . . 1 1 . . . 1 . . Parts Repaired 3 | . 2 . . . . . . . . . . . . 1 . . . . . . . . . . . . . . . . . . . . . . . Time 92 | . 52 . . . . . . . . . . . . 40 . . . . . . . . . . . . . . . . . . . . . . . Parts Recycled . | . . . . . . . . . . . . . . . . . . . . . . . . . . . . . . . . . . . . . . Recycled Matter . | . . . . . . . . . . . . . . . . . . . . . . . . . . . . . . . . . . . . . . Retrieved Matter . | . . . . . . . . . . . . . . . . . . . . . . . . . . . . . . . . . . . . . . Retrieved Components 20 | . 6 . 1 . . . 9 . 2 . . . 1 . . . . . . . . . . . 1 . . . . . . . . . . . . Parts Scanalyzed 1 | . . . . . . . . . . . . . 1 . . . . . . . . . . . . . . . . . . . . . . . . Part Schematics Acquired 1 | . . . . . . . . . . . . . 1 . . . . . . . . . . . . . . . . . . . . . . . . Parts Damaged . | . . . . . . . . . . . . . . . . . . . . . . . . . . . . . . . . . . . . . . Bothacking | -11 -10 -10 -9 -9 -9 -8 -8 -8 -8 -8 -6 -6 -6 -6 -6 -6 -6 -5 -5 -5 -5 -5 -5 -4 -4 -4 -4 -4 -3 -3 -3 -2 -2 -2 -1 -1 -1 ------------ Run | Yrd Mat Min Mat Min Exi Min Mat Sto Rec Scr Fac Was Fac Ext Cet Arc Hub Fac Was Fac Upp Upp Zhi Pro Fac Upp Upp War Pro Res Qua Res Tes Frg Acc Com Ac0 Used RIF Installer . | . . . . . . . . . . . . . . . . . . . . . . . . . . . . . . . . . . . . . . Robots Hacked . | . . . . . . . . . . . . . . . . . . . . . . . . . . . . . . . . . . . . . . Non-combat . | . . . . . . . . . . . . . . . . . . . . . . . . . . . . . . . . . . . . . . Combat . | . . . . . . . . . . . . . . . . . . . . . . . . . . . . . . . . . . . . . . Robot Hacks Applied . | . . . . . . . . . . . . . . . . . . . . . . . . . . . . . . . . . . . . . . Relay Couplers Released 1 | . . . . . . . . . . . . . . . . . 1 . . . . . . . . . . . . . . . . . . . . Machine Destruction 1 | . . . . . . . . . . . . . . . . . 1 . . . . . . . . . . . . . . . . . . . . Fabnet Peak Effective % . | . . . . . . . . . . . . . . . . . . . . . . . . . . . . . . . . . . . . . . Robots Rewired 33 | . . . . . . . . . 12 . . . . 16 . . . . . . . . . . . . . 5 . . . . . . . . . Allies Hacked . | . . . . . . . . . . . . . . . . . . . . . . . . . . . . . . . . . . . . . . Hacks Repelled . | . . . . . . . . . . . . . . . . . . . . . . . . . . . . . . . . . . . . . . Allies | -11 -10 -10 -9 -9 -9 -8 -8 -8 -8 -8 -6 -6 -6 -6 -6 -6 -6 -5 -5 -5 -5 -5 -5 -4 -4 -4 -4 -4 -3 -3 -3 -2 -2 -2 -1 -1 -1 -------- Run | Yrd Mat Min Mat Min Exi Min Mat Sto Rec Scr Fac Was Fac Ext Cet Arc Hub Fac Was Fac Upp Upp Zhi Pro Fac Upp Upp War Pro Res Qua Res Tes Frg Acc Com Ac0 Total Allies 84 | . . 2 . . . . . . 12 . . 19 2 17 5 . . . 19 . . . . . 3 . . 5 . . . . . . . . . Largest Group 19 | . . 2 1 . . . . . 12 12 11 19 2 12 6 3 2 . 19 14 . . . . 3 . . 5 . . . . . . . . . Highest-Rated Group 684 | . . 44 31 . . . . . 150 150 142 684 36 357 511 288 192 . 684 531 . . . . 141 . . 308 . . . . . . . . . Highest-Rated Ally 159 | . . 31 31 . . . . . 27 27 27 50 26 159 159 96 96 . 50 47 . . . . 47 . . 68 . . . . . . . . . Total Orders 4 | . . . . . . . . . 3 . . . . . . . . . . . . . . . . . . 1 . . . . . . . . . STAY 3 | . . . . . . . . . 2 . . . . . . . . . . . . . . . . . . 1 . . . . . . . . . FOLLOW 1 | . . . . . . . . . 1 . . . . . . . . . . . . . . . . . . . . . . . . . . . . Ally Attacks 499 | . . 9 20 . . . . . . . 13 46 . 123 86 17 24 . 85 61 . . . . 15 . . . . . . . . . . . . Total Damage 11614 | . . 123 208 . . . . . . . 164 982 . 2534 2313 742 1035 . 1773 1297 . . . . 443 . . . . . . . . . . . . Kills 58 | . . 3 6 . . . . . . . 2 1 . 11 9 4 5 . 4 8 . . . . 5 . . . . . . . . . . . . Allies Corrupted 2 | . . . . . . . . . . 1 . . . . . . . . . 1 . . . . . . . . . . . . . . . . . Allies Melted 1 | . . . . . . . . . . . . . . . . . . . . . . . . . 1 . . . . . . . . . . . . Intel | -11 -10 -10 -9 -9 -9 -8 -8 -8 -8 -8 -6 -6 -6 -6 -6 -6 -6 -5 -5 -5 -5 -5 -5 -4 -4 -4 -4 -4 -3 -3 -3 -2 -2 -2 -1 -1 -1 ------- Run | Yrd Mat Min Mat Min Exi Min Mat Sto Rec Scr Fac Was Fac Ext Cet Arc Hub Fac Was Fac Upp Upp Zhi Pro Fac Upp Upp War Pro Res Qua Res Tes Frg Acc Com Ac0 Active Infowar (turns) 14330 | 55 378 . . . . . . . . 142 91 43 1534 1116 356 111 282 969 288 758 482 679 101 237 494 342 325 280 239 781 416 117 322 1341 685 1366 . Optics 11121 | . . . . . . . . . . . 90 43 1534 1116 356 111 282 969 288 758 482 679 101 237 494 342 325 280 239 781 416 117 322 559 . 200 . Sensors 5928 | . . . . . . . . . . 1 89 39 1146 140 . 51 282 659 108 670 451 480 101 237 399 342 306 280 147 . . . . . . . . Zeronet 451 | . . . . . . . . . . . . . . . . . . . . . . . . . . . . . . . . . . . . 451 . Structural 3487 | . . . . . . . . . . . . . 169 . . . . . . . . . . . 494 342 325 280 239 760 283 101 241 253 . . . Seismic 434 | 55 378 . . . . . . . . . . . . . . . . . . . . . . . 1 . . . . . . . . . . . . Cloaking 3345 | . . . . . . . . . . . . . . . . . . . . . . . . . . . . . . . . 111 239 1160 685 1150 . Jamming 2396 | . . . . . . . . . . . . . . . . . . . . . . . . . . . . . . 496 108 108 322 774 588 . . ECM 914 | . . . . . . . . . . . . . 266 . . . . 629 19 . . . . . . . . . . . . . . . . . . ID Mask 157 | . . . . . . . . . . 141 16 . . . . . . . . . . . . . . . . . . . . . . . . . . Robot Analysis Total 104 | . . . 4 . . . . . . 5 . . . . . . . . . . . . 4 . . . . . . . 91 . . . . . . Derelict Logs Recovered 12 | . . 1 . 1 . . . . . . . . . . . . . . . . 2 2 . 1 . 3 2 . . . . . . . . . . Drone Launches . | . . . . . . . . . . . . . . . . . . . . . . . . . . . . . . . . . . . . . . Drone Recoveries . | . . . . . . . . . . . . . . . . . . . . . . . . . . . . . . . . . . . . . . Exploration | -11 -10 -10 -9 -9 -9 -8 -8 -8 -8 -8 -6 -6 -6 -6 -6 -6 -6 -5 -5 -5 -5 -5 -5 -4 -4 -4 -4 -4 -3 -3 -3 -2 -2 -2 -1 -1 -1 ------------- Run | Yrd Mat Min Mat Min Exi Min Mat Sto Rec Scr Fac Was Fac Ext Cet Arc Hub Fac Was Fac Upp Upp Zhi Pro Fac Upp Upp War Pro Res Qua Res Tes Frg Acc Com Ac0 Turns Passed 28569 | 119 1189 975 2134 787 320 649 1848 1480 1508 2689 91 43 1534 1116 356 111 282 969 288 758 482 679 101 237 494 342 325 280 239 781 416 117 322 1499 685 1582 742 Spaces Moved 34444 | 64 598 413 1170 464 199 378 729 500 525 1189 278 143 3772 1369 310 156 601 1526 335 1214 917 982 186 418 944 790 618 539 638 2157 1100 455 1063 2120 1512 2160 1912 Core 4 | 4 . . . . . . . . . . . . . . . . . . . . . . . . . . . . . . . . . . . . . Treads 5383 | 60 598 202 684 464 199 378 729 500 525 1044 . . . . . . . . . . . . . . . . . . . . . . . . . . . Legs 697 | . . 211 486 . . . . . . . . . . . . . . . . . . . . . . . . . . . . . . . . . . Wheels . | . . . . . . . . . . . . . . . . . . . . . . . . . . . . . . . . . . . . . . Hover 11949 | . . . . . . . . . . . . . . . . . . 636 335 1214 917 982 186 418 44 . . . . . . . . 1633 1512 2160 1912 Flight 16411 | . . . . . . . . . . 145 278 143 3772 1369 310 156 601 890 . . . . . . 900 790 618 539 638 2157 1100 455 1063 487 . . . Fastest Speed 5 | 50 160 130 126 160 160 160 160 240 240 28 26 26 23 5 20 29 17 17 40 25 35 38 46 41 29 34 34 27 27 19 17 12 14 16 33 30 17 Average Speed 58 | 153 161 203 145 160 160 160 202 240 241 217 26 26 25 22 27 29 27 37 40 48 38 42 46 41 34 34 34 31 27 22 19 17 17 35 33 32 22 Slowest Speed 260 | 160 240 260 196 160 160 160 242 242 243 245 26 32 101 23 29 29 29 120 44 122 42 46 46 46 200 34 34 34 27 98 93 19 19 104 33 33 30 Overloaded Moves 159 | . . . . . . . . . . . . . . 4 20 . 1 88 . 3 . 3 . . . . . . . . 7 7 . . . . 26 Propulsion Burnouts . | . . . . . . . . . . . . . . . . . . . . . . . . . . . . . . . . . . . . . . Robots Hopped 91 | . . . . . . . . . . . . 8 26 17 2 . 2 3 . . . . . . 4 . . . . 21 1 1 5 1 . . . Potential Cave-ins 2 | . . . . . . . . . . . . . . . . . . . 2 . . . . . . . . . . . . . . . . . . Cave-ins Triggered . | . . . . . . . . . . . . . . . . . . . . . . . . . . . . . . . . . . . . . . Teleports 13 | . . . . . . . . . . . . . . . . . . . . . . . . . . . . . . . . . . 11 . 1 1 Exploration Rate (%) 68 | 4 97 94 96 82 56 98 61 90 97 87 10 82 79 90 62 77 45 30 89 31 77 91 63 68 32 92 89 90 86 60 84 19 85 41 24 68 76 Regions Visited 37 Branch Regions 24 Pre-discovered Areas 31 | . . . 3 1 1 . 5 . 7 . . . 6 . . . . . . . 1 1 3 . . . 1 2 . . . . . . . . . Known Exits Taken 23 | . 1 1 . . . . 1 1 1 1 . . 1 1 1 1 1 . . 1 1 1 1 1 1 1 1 1 1 . . 1 . . 1 . . Unknown Exits Taken 10 | 1 . . 1 1 1 1 . . . . . . . . . . . . . . . . . . . . . . . 1 1 . 1 1 . 1 . Scrap Searched 25 | . . 1 . 3 . 1 . . . 8 . . . . . . . . . . 4 4 . 1 . 2 . . 1 . . . . . . . . Spaces Dug 453 | . 6 . 4 . . 16 7 . . . . 1 37 21 2 . 16 44 24 10 12 5 . 27 23 50 49 1 2 16 11 9 12 3 18 20 7 Terrain Destroyed 890 | . 6 . 9 . . 33 60 . . . . 1 57 63 2 . 22 121 73 10 12 97 . 29 36 55 56 1 16 16 15 9 13 5 35 29 9 Melee 225 | . . . 4 . . . . . . . . 1 37 3 2 . 16 11 . 10 12 5 . 2 10 5 10 1 2 16 11 9 10 3 18 20 7 Projectile 56 | . 6 . 5 . . . 2 . . . . . 6 5 . . 6 3 . . . . . 2 3 5 7 . . . 4 . . . . . 2 AOE 603 | . . . . . . 33 58 . . . . . 14 55 . . . 107 73 . . 92 . 25 23 45 38 . 14 . . . . . 17 9 . Terrain Rammed . | . . . . . . . . . . . . . . . . . . . . . . . . . . . . . . . . . . . . . . Walls Destroyed . | . . . . . . . . . . . . . . . . . . . . . . . . . . . . . . . . . . . . . . Machines Disabled . | . . . . . . . . . . . . . . . . . . . . . . . . . . . . . . . . . . . . . . Actions | -11 -10 -10 -9 -9 -9 -8 -8 -8 -8 -8 -6 -6 -6 -6 -6 -6 -6 -5 -5 -5 -5 -5 -5 -4 -4 -4 -4 -4 -3 -3 -3 -2 -2 -2 -1 -1 -1 --------- Run | Yrd Mat Min Mat Min Exi Min Mat Sto Rec Scr Fac Was Fac Ext Cet Arc Hub Fac Was Fac Upp Upp Zhi Pro Fac Upp Upp War Pro Res Qua Res Tes Frg Acc Com Ac0 Total 40911 | 76 719 478 1407 486 199 401 913 645 712 1291 290 137 4168 2070 555 214 674 1778 466 1338 1014 1211 200 475 1055 847 683 636 695 2350 1275 477 1166 2848 1686 3035 2241 Wait 2944 | . 43 4 31 . . . 10 16 29 44 . . 221 322 213 50 31 89 96 69 64 178 . 41 20 42 15 32 43 29 91 2 40 337 51 686 5 Move 34244 | 63 597 412 1169 463 198 377 728 499 524 1188 278 131 3723 1336 306 155 596 1521 334 1213 916 981 185 417 937 789 617 538 637 2116 1097 453 1052 2117 1511 2159 1911 Hop 73 | . . . . . . . . . . . . 3 22 15 1 . 2 2 . . . . . . 2 . . . . 19 1 . 5 1 . . . Pick Up 282 | 3 11 8 32 2 . 1 21 9 1 10 1 . 21 3 3 2 . 9 5 3 3 3 4 1 4 . 1 3 . 19 8 1 5 40 10 20 15 Fast Attach 160 | 6 9 . 4 1 . . 5 2 3 2 . 1 13 5 3 . 1 14 3 7 . 3 2 . 5 . . 5 1 10 4 2 5 29 . 3 12 Attach 125 | . . 6 2 . . . 5 2 . . 4 . 10 4 3 . 4 9 2 1 . 5 1 3 7 2 1 1 . 4 4 . 4 24 3 6 8 Detach 97 | . . . . . . . 1 . . 1 . 1 9 4 1 . 4 8 2 2 . 5 1 3 11 2 . 2 2 2 4 . 5 22 . 3 2 Swap 385 | . 6 4 31 5 . 8 23 24 4 16 1 . 23 14 6 2 1 21 . 5 3 10 3 3 11 . 6 2 4 29 12 5 11 31 23 18 20 Drop 332 | . . 3 36 3 . 2 20 21 3 27 1 . 19 6 4 1 1 8 7 5 3 4 4 1 11 . . 7 1 23 11 1 10 45 5 18 21 Fire 516 | 3 49 35 91 11 . 12 98 61 26 . . . 9 11 4 . 6 9 7 . . 10 . 3 5 7 22 3 1 . 4 . 5 9 3 11 1 Melee 1147 | . . . 6 . . . . . . 2 5 1 90 52 11 4 22 88 10 33 25 12 . 3 42 5 21 9 6 69 39 13 24 128 80 101 246 Ram . | . . . . . . . . . . . . . . . . . . . . . . . . . . . . . . . . . . . . . . Kick 6 | . . 2 4 . . . . . . . . . . . . . . . . . . . . . . . . . . . . . . . . . . Crush 19 | 1 4 4 1 1 . 1 2 3 2 . . . . . . . . . . . . . . . . . . . . . . . . . . . . Escape Stasis 209 | . . . . . . . . . . . . . 8 90 . . 6 . . . . . . . . . . . . 30 . . . 65 . 10 . Rewire 362 | . . . . . . . . . 120 . . . . 208 . . . . . . . . . . . . . 34 . . . . . . . . . Trap . | . . . . . . . . . . . . . . . . . . . . . . . . . . . . . . . . . . . . . . Miscellaneous 10 | . . . . . 1 . . 8 . 1 . . . . . . . . . . . . . . . . . . . . . . . . . . . Route ------- -11/Scrapyard -10/Materials (discovered 5 exits: *Mat x3 / *Min x2) -10/Mines (discovered 2 exits: *Mat x2) -9/Materials (discovered 4 exits: *Mat x3 / [*Min]) -9/Mines (discovered 3 exits: *Mat x2 / *Exi) -9/Exiles -8/Mines (discovered 2 exits: *Mat x2) -8/Materials (discovered 3 exits: [*Fac] / *Sto x2) -8/Storage (discovered 2 exits: [*Fac] / *Rec) -8/Recycling (discovered 2 exits: *Fac / *Scr) -8/Scraptown (discovered 2 exits: *Fac x2) -6/Factory (discovered 4 exits: Fac x2 / Low / Ext) -6/Waste -6/Factory (discovered 8 exits: *Fac x4 / *Low x2 / *Ext x2) -6/Extension (discovered 2 exits: *Fac / *Cet) -6/Cetus (discovered 2 exits: *Fac / *Arc) -6/Archives (discovered 2 exits: *Hub x2) -6/Hub_04(d) -5/Factory (discovered 4 exits: *Fac x2 / *Upp x2) -5/Waste -5/Factory (discovered 3 exits: *Fac / *Upp x2) -5/Upper Caves -5/Upper Caves (discovered 2 exits: *Fac / *Zhi) -5/Zhirov -4/Proximity Caves -4/Factory (discovered 3 exits: *Res / *Upp x2) -4/Upper Caves -4/Upper Caves (discovered 2 exits: *Res / *War) -4/Warlord -3/Proximity Caves -3/Research (discovered 4 exits: *Res / *Arm / *Qua x2) -3/Quarantine -2/Research (discovered 2 exits: *Acc / *Tes) -2/Testing (discovered 3 exits: *Acc / [*Sec] / *Frg) -2/Protoforge -1/Access -1/Command (discovered 3 exits: [*Sur x2] / *Ac0) -1/Access_0 0b11 Command History --------- Turn | Location | Event 13 | -11/Scrapyard | Discovered new exit (range 15) 120 | -11/Scrapyard | Entered Materials 302 | -10/Materials | Discovered new exit (range 3) 306 | -10/Materials | Build established: Mutant 544 | -10/Materials | Identified exit to Mines 641 | -10/Materials | Discovered new exit (range 3) 753 | -10/Materials | Repaired Lgt. Treads 780 | -10/Materials | Repaired Lgt. Treads 1104 | -10/Materials | Learned 4 Subcaves zone layouts 1143 | -10/Materials | Learned Storage trap positions 1172 | -10/Materials | Learned 2 Mines zone layouts 1190 | -10/Materials | Identified exit to Materials 1240 | -10/Materials | Loaded intel: 8 terminal locations 1309 | -10/Materials | Entered Mines 1402 | -10/Mines | Lost 4 parts (1p1n2w) 1846 | -10/Mines | Discovered exit to Materials (range 5) 1973 | -10/Mines | Assembled infested the area 2162 | -10/Mines | Build established: Scavenger-Mutant 2230 | -10/Mines | Learned Materials terminal intel 2270 | -10/Mines | Discovered exit to Materials (range 6) 2284 | -10/Mines | Entered Materials 2284 | -9/Materials | Accompanied by 1 ally 2284 | -9/Materials | Evolved 2 slots: Propulsion x1, Utility x1 2285 | -9/Materials | Loaded intel: 12 terminal locations 2289 | -9/Materials | Led the pair of lost Derelicts to an unsafe place 3013 | -9/Materials | Learned location of 1 exit from Recycling 3064 | -9/Materials | Learned 4 Recycling zone layouts 3105 | -9/Materials | Learned location of Zion (-6) 3134 | -9/Materials | Loaded intel: 25 trap records 3152 | -9/Materials | Learned 4 Recycling zone layouts 3159 | -9/Materials | Learned 4 Recycling zone layouts 3186 | -9/Materials | Discovered new exit (range 16) 3387 | -9/Materials | Build established: Mutant 3555 | -9/Materials | Discovered new exit (range 15) 3713 | -9/Materials | Discovered new exit (range 9) 4013 | -9/Materials | Central database locked down 4159 | -9/Materials | Discovered new exit (range 15) 4418 | -9/Materials | Entered Mines 4460 | -9/Mines | Discovered new exit (range 9) 4584 | -9/Mines | Discovered new exit (range 13) 4590 | -9/Mines | Learned location of Storage (-8) 4599 | -9/Mines | Learned Materials security intel 4864 | -9/Mines | Received a Rocket Launcher from a helpful Derelict 5147 | -9/Mines | Deemed a non-threat by the Exiles lab entrance 5147 | -9/Mines | Discovered new exit (range 5) 5205 | -9/Mines | Entered Exiles 5245 | -9/Exiles | Met 8R-AWN 5271 | -9/Exiles | Met EX-HEX 5333 | -9/Exiles | Met EX-DEC 5511 | -9/Exiles | Discovered new exit (range 10) 5525 | -9/Exiles | Entered Mines 5751 | -8/Mines | Discovered new exit (range 9) 5990 | -8/Mines | Discovered new exit (range 11) 6174 | -8/Mines | Entered Materials 6174 | -8/Materials | Evolved 2 slots: Propulsion x1, Utility x1 6261 | -8/Materials | Discovered new exit (range 12) 6537 | -8/Materials | Identified exit to Storage 7178 | -8/Materials | Found Prototype Device 7317 | -8/Materials | Discovered new exit (range 8) 7355 | -8/Materials | Destroyed 9 combat bots 7374 | -8/Materials | First assault squad dispatched 7509 | -8/Materials | Learned 4 Recycling zone layouts 7510 | -8/Materials | Learned 4 Factory zone layouts 7515 | -8/Materials | Learned Storage trap positions 7608 | -8/Materials | Build established: Scavenger-Mutant 7646 | -8/Materials | Core integrity fell below 50% 8022 | -8/Materials | Entered Storage 8023 | -8/Storage | Identified exit to Recycling 8024 | -8/Storage | Loaded intel: 14 trap records 8650 | -8/Storage | Discovered new exit (range 16) 9458 | -8/Storage | Used back door to open Recycling access 9502 | -8/Storage | Entered Recycling 9503 | -8/Recycling | Identified exit to Scraptown 9504 | -8/Recycling | Identified exit to Factory 10389 | -8/Recycling | Learned location of 3 exits from Factory 10434 | -8/Recycling | Learned 2 Lower Caves zone layouts 10492 | -8/Recycling | Learned location of 1 exit from Recycling 10504 | -8/Recycling | Learned Storage trap positions 10507 | -8/Recycling | Learned location of 2 exits from Lower Caves 10518 | -8/Recycling | Learned location of 1 exit from Lower Caves 10538 | -8/Recycling | Learned location of Lower Caves (-6) 10923 | -8/Recycling | Scanned before Scraplab entrance 10957 | -8/Recycling | Entered Scraplab 10968 | -8/Recycling | Build established: Commander-Mutant 11010 | -8/Recycling | Entered Scraptown 11010 | -8/Scraptown | Accompanied by 12 allies 11010 | -8/Scraptown | System corruption cleaned by C-Scrubber 11319 | -8/Scraptown | Visited UFD Registry 11319 | -8/Scraptown | Registered with UFD as "Quantumcycle" 11353 | -8/Scraptown | Visited SPCMW 11394 | -8/Scraptown | Visited Assassins FH 11437 | -8/Scraptown | Visited The Evicted 11457 | -8/Scraptown | Visited Bundlers 11618 | -8/Scraptown | Visited Awakened 12031 | -8/Scraptown | Heard Great Nut preacher, LISTEN AND RECITE! 12166 | -8/Scraptown | Discovered exit to Factory (range 11) 12237 | -8/Scraptown | Visited Cyclists 12254 | -8/Scraptown | Entered Cyclist Reading Room 12398 | -8/Scraptown | Visited IN-MT5's Study 12614 | -8/Scraptown | Visited Chapter 10 12661 | -8/Scraptown | Visited Scrap Suit Storage 12741 | -8/Scraptown | Visited Derelict Rescue Squad 12757 | -8/Scraptown | Found DRS Beacon 12789 | -8/Scraptown | Visited Sword Containment 12836 | -8/Scraptown | Visited DA-N13 Charitable Foundation 12863 | -8/Scraptown | Found DCF Scrap (28 items) 12925 | -8/Scraptown | Visited Botcube Research 12964 | -8/Scraptown | Visited Curators Association 13001 | -8/Scraptown | Visited LU-1G1's Boring Crew 13079 | -8/Scraptown | Visited Analyses Database 13558 | -8/Scraptown | Found Unknown Processor 13558 | -8/Scraptown | Identified ID Mask 13558 | -8/Scraptown | ID Mask engaged 13639 | -8/Scraptown | Met Optimus 13639 | -8/Scraptown | Accepted into 0bPrime 13654 | -8/Scraptown | Discovered exit to Factory (range 3) 13699 | -8/Scraptown | Entered Factory 13699 | -6/Factory | Accompanied by 11 allies 13699 | -6/Factory | Evolved 4 slots: Propulsion x1, Utility x3 13700 | -6/Factory | Identified exit to Lower Caves 13701 | -6/Factory | Identified exit to Factory 13701 | -6/Factory | Identified exit to Extension 13714 | -6/Factory | Garrison activated, responded to threat 13715 | -6/Factory | ID Mask no longer valid 13769 | -6/Factory | Tech Extrapolator generated special schematic: Deep Structural Scanner 13790 | -6/Factory | Sucked down chute 13790 | -6/Factory | Entered Waste 13795 | -6/Waste | Found Prototype Launcher 13795 | -6/Waste | Identified Adv. Micro-nuke Launcher 13800 | -6/Waste | Met Warlord forces unprepared to attack 13805 | -6/Waste | EMP discharged 13805 | -6/Waste | System corruption reached 10% 13811 | -6/Waste | Spotted C-40 Crusher 13811 | -6/Waste | Spotted C-40 Crusher 13815 | -6/Waste | Spotted C-40 Crusher 13815 | -6/Waste | Spotted C-40 Crusher 13815 | -6/Waste | Spotted C-40 Crusher 13816 | -6/Waste | Spotted C-40 Crusher 13817 | -6/Waste | Discovered new exit (range 14) 13828 | -6/Waste | Crushed by Compactor (1 part destroyed, 2 dropped) 13829 | -6/Waste | Crushed by Compactor (1 part destroyed, 2 dropped) 13832 | -6/Waste | Identified exit to Factory 13833 | -6/Waste | Entered Factory 14289 | -6/Factory | Loaded intel: 8 recycling unit locations 14297 | -6/Factory | Learned location of Protoforge (-2) 14374 | -6/Factory | Garrison activated, responded to threat 14426 | -6/Factory | Fabricated Deep Structural Scanner (x1) 14479 | -6/Factory | Build established: Scout 14709 | -6/Factory | Discovered exit to Factory (range 7) 14796 | -6/Factory | Discovered exit to Factory (range 5) 14939 | -6/Factory | Spotted B-75 Beast 15039 | -6/Factory | Tech Extrapolator generated special schematic: Energy Deflector 15063 | -6/Factory | Learned location of 1 exit from Proximity Caves 15129 | -6/Factory | Learned location of Cetus (-6) 15259 | -6/Factory | Fabricated Adv. Gravity Neutralizer (x1) 15367 | -6/Factory | Entered Extension 15368 | -6/Extension | Identified exit to Cetus 15464 | -6/Extension | Tech Extrapolator generated special schematic: Machine Rigger 15523 | -6/Extension | Spotted B-75 Beast 15988 | -6/Extension | Spotted B-75 Beast 16016 | -6/Extension | Allies destroyed B-75 Beast 16017 | -6/Extension | Core integrity fell below 50% 16032 | -6/Extension | Build established: Commander-Sprinter 16054 | -6/Extension | Allies destroyed B-75 Beast 16069 | -6/Extension | Lost 7 allies 16172 | -6/Extension | Repaired Cld. Cesium-ion Thruster 16210 | -6/Extension | Rescued A7 16260 | -6/Extension | Attached CPS modules to A7. 16313 | -6/Extension | Destroyed 7 combat bots 16316 | -6/Extension | Lost 3 allies 16436 | -6/Extension | Discovered exit to Factory (range 10) 16483 | -6/Extension | Entered Cetus 16483 | -6/Cetus | Accompanied by 5 allies (A7) 16486 | -6/Cetus | Spotted Cetus Guard 16486 | -6/Cetus | Spotted Cetus Guard 16488 | -6/Cetus | Acquired a Cetus Manufacturing Module code from A7 16488 | -6/Cetus | Spotted Cetus Guard 16488 | -6/Cetus | Spotted Cetus Guard 16509 | -6/Cetus | Destroyed Cetus Guard 16513 | -6/Cetus | Core integrity fell below 20% 16517 | -6/Cetus | Extracted ID and sensor layout for unrecognized location from A7's data core 16520 | -6/Cetus | Allies destroyed Cetus Guard 16539 | -6/Cetus | Allies destroyed Cetus Guard 16541 | -6/Cetus | Allies destroyed Cetus Guard 16543 | -6/Cetus | Found Prototype Protection 16543 | -6/Cetus | Identified Med. Regenerative Plating 16556 | -6/Cetus | Lost 4 allies 16561 | -6/Cetus | Lost 4 parts (1p2n1u) 16582 | -6/Cetus | Started Cetus Manufacturing Module 16607 | -6/Cetus | Manufactured an Enhanced Grunt 16632 | -6/Cetus | Manufactured an Enhanced Grunt 16657 | -6/Cetus | Manufactured an Enhanced Grunt 16682 | -6/Cetus | Manufactured an Enhanced Grunt 16693 | -6/Cetus | Discovered new exit (range 21) 16707 | -6/Cetus | Manufactured an Enhanced Grunt 16738 | -6/Cetus | Spotted Cetus Guard 16746 | -6/Cetus | Spotted Cetus Guard 16746 | -6/Cetus | Spotted Cetus Guard 16746 | -6/Cetus | Spotted Cetus Guard 16754 | -6/Cetus | Discovered exit to Factory (range 22) 16769 | -6/Cetus | Allies destroyed Cetus Guard 16770 | -6/Cetus | Allies destroyed Cetus Guard 16776 | -6/Cetus | Allies destroyed Cetus Guard 16778 | -6/Cetus | Allies destroyed Cetus Guard 16782 | -6/Cetus | Found Prototype Device 16782 | -6/Cetus | Identified Exp. Thermal Shield 16793 | -6/Cetus | Met Revision 17 16803 | -6/Cetus | Identified exit to Archives 16806 | -6/Cetus | Lost 3 allies 16839 | -6/Cetus | Entered Archives 16839 | -6/Archives | Accompanied by 3 allies 16909 | -6/Archives | Discovered new exit (range 22) 16911 | -6/Archives | Discovered new exit (range 21) 16926 | -6/Archives | Identified exit to Hub_04(d) 16950 | -6/Archives | Entered Hub_04(d) 16950 | -6/Hub_04(d) | Accompanied by 2 allies 16984 | -6/Hub_04(d) | Garrison activated, responded to threat 17126 | -6/Hub_04(d) | Discovered exit to Factory (range 18) 17212 | -6/Hub_04(d) | Build established: Scavenger-Scout 17232 | -6/Hub_04(d) | Entered Factory 17232 | -5/Factory | Evolved 2 slots: Power x1, Propulsion x1 17233 | -5/Factory | Identified exit to Upper Caves 17513 | -5/Factory | Discovered new exit (range 4) 17513 | -5/Factory | Identified exit to Factory 17571 | -5/Factory | Destroyed 9 combat bots 17580 | -5/Factory | Discovered exit to Upper Caves (range 9) 17693 | -5/Factory | System corruption reached 10% 17726 | -5/Factory | Lost 3 parts (1p2n) 17786 | -5/Factory | Discovered exit to Factory (range 5) 17976 | -5/Factory | Garrison activated, responded to threat 18201 | -5/Factory | Sucked down chute 18201 | -5/Factory | Entered Waste 18217 | -5/Waste | Spotted C-40 Crusher 18236 | -5/Waste | Spotted C-40 Crusher 18237 | -5/Waste | Spotted C-40 Crusher 18239 | -5/Waste | Spotted C-40 Crusher 18242 | -5/Waste | Spotted C-40 Crusher 18293 | -5/Waste | Spotted C-40 Crusher 18316 | -5/Waste | Discovered new exit (range 22) 18332 | -5/Waste | Warlord forces began an assault 18356 | -5/Waste | Destroyed C-40 Crusher 18357 | -5/Waste | Allies destroyed C-40 Crusher 18365 | -5/Waste | Allies destroyed C-40 Crusher 18368 | -5/Waste | Destroyed C-40 Crusher 18369 | -5/Waste | Allies destroyed C-40 Crusher 18372 | -5/Waste | Build established: Scavenger-Ninja 18375 | -5/Waste | Allies destroyed C-40 Crusher 18424 | -5/Waste | Murdered 4 allies 18442 | -5/Waste | Identified exit to Factory 18489 | -5/Waste | Entered Factory 18489 | -5/Factory | Accompanied by 14 allies 18774 | -5/Factory | Core integrity fell below 50% 18796 | -5/Factory | Lost 7 allies 18974 | -5/Factory | Build established: Scout 19008 | -5/Factory | Loaded intel: 8 recycling unit locations 19201 | -5/Factory | Discovered exit to Factory (range 5) 19247 | -5/Factory | Entered Upper Caves 19253 | -5/Upper Caves | Identified exit to Upper Caves 19393 | -5/Upper Caves | Learned location of Armory (-3) 19474 | -5/Upper Caves | Spotted B-75 Beast 19504 | -5/Upper Caves | Attracted the attention of an 0b10 checkpoint 19586 | -5/Upper Caves | Encountered a Warlord checkpoint 19729 | -5/Upper Caves | Entered another Upper Caves area 19742 | -5/Upper Caves | Discovered exit to Factory (range 8) 19858 | -5/Upper Caves | Encountered a Warlord checkpoint 19873 | -5/Upper Caves | Learned location of Warlord (-4) 20175 | -5/Upper Caves | Found Imp. Powered Armor 20327 | -5/Upper Caves | Attracted the attention of an 0b10 checkpoint 20385 | -5/Upper Caves | Discovered new exit (range 7) 20391 | -5/Upper Caves | Learned Factory terminal intel 20408 | -5/Upper Caves | Identified exit to Zhirov 20408 | -5/Upper Caves | Entered Zhirov 20408 | -5/Zhirov | Discovered new exit (range 3) 20417 | -5/Zhirov | Met Zhirov 20425 | -5/Zhirov | Learned location of Quarantine (-3) 20425 | -5/Zhirov | Learned location of Testing (-2) 20432 | -5/Zhirov | Zhirov requested help retrieving the SGEMP Prototype 20439 | -5/Zhirov | Found Alien Artifact 20439 | -5/Zhirov | Identified Integrated Reactor 20439 | -5/Zhirov | Installed Integrated Reactor, increased core energy generation (+10) 20471 | -5/Zhirov | Found Alien Artifact 20508 | -5/Zhirov | Identified exit to Proximity Caves 20509 | -5/Zhirov | Entered Proximity Caves 20663 | -4/Proximity Caves | Learned Research non-interactive machine intel 20746 | -4/Proximity Caves | Entered Factory 20746 | -4/Factory | Evolved 2 slots: Utility x2 20747 | -4/Factory | Loaded intel: 26 terminal locations 20791 | -4/Factory | Discovered new exit (range 18) 20797 | -4/Factory | Identified Transdimensional Reconstructor 20807 | -4/Factory | Identified exit to Upper Caves 20816 | -4/Factory | Build established: Scavenger-Scout 20942 | -4/Factory | Loaded intel: 8 recycling unit locations 21035 | -4/Factory | Discovered exit to Upper Caves (range 12) 21066 | -4/Factory | Spotted B-86 Titan 21205 | -4/Factory | Discovered new exit (range 19) 21211 | -4/Factory | Identified exit to Research 21240 | -4/Factory | Entered Upper Caves 21244 | -4/Upper Caves | Learned 8 Research zone layouts 21280 | -4/Upper Caves | Found DCF Scrap (13 items) 21427 | -4/Upper Caves | Build established: Scout 21484 | -4/Upper Caves | Learned location of 1 exit from Research 21505 | -4/Upper Caves | Discovered new exit (range 23) 21527 | -4/Upper Caves | Learned Research garrison access intel 21581 | -4/Upper Caves | Identified exit to Upper Caves 21582 | -4/Upper Caves | Entered another Upper Caves area 21583 | -4/Upper Caves | Forged Quantum Companion 21624 | -4/Upper Caves | Attacked by a delusional Derelict stockpiling parts 21641 | -4/Upper Caves | Discovered exit to Research (range 13) 21687 | -4/Upper Caves | Found Alien Artifact 21723 | -4/Upper Caves | Spotted B-86 Titan 21844 | -4/Upper Caves | Learned location of 1 exit from Proximity Caves 21903 | -4/Upper Caves | Discovered new exit (range 12) 21907 | -4/Upper Caves | Identified exit to Warlord 21907 | -4/Upper Caves | Entered Warlord 22047 | -4/Warlord | Learned Factory recycling unit intel 22047 | -4/Warlord | Learned Armory scanalyzer intel 22072 | -4/Warlord | Rebuked by Warlord 22097 | -4/Warlord | Warlord's base attacked by MAIN.C 22106 | -4/Warlord | Found Prototype Device 22106 | -4/Warlord | Identified Thermal Barrier 22113 | -4/Warlord | Found Prototype Processor 22113 | -4/Warlord | Identified Exp. Targeting Computer 22124 | -4/Warlord | Found Prototype Reactor 22180 | -4/Warlord | Discovered new exit (range 16) 22187 | -4/Warlord | Identified exit to Proximity Caves 22187 | -4/Warlord | Entered Proximity Caves 22327 | -3/Proximity Caves | Attracted the attention of an 0b10 checkpoint 22426 | -3/Proximity Caves | Entered Research 22426 | -3/Research | Evolved 2 slots: Propulsion x1, Utility x1 22427 | -3/Research | Identified exit to Armory 22429 | -3/Research | Loaded intel: 90 non-interactive machine locations 22430 | -3/Research | Loaded intel: 3 garrison access locations 22602 | -3/Research | Found Prototype Processor 22602 | -3/Research | Identified Exp. Melee Analysis Suite 22626 | -3/Research | Revision forces began assault on 0b10 22706 | -3/Research | Discovered new exit (range 22) 22713 | -3/Research | Spotted B-86 Titan 22820 | -3/Research | Discovered new exit (range 9) 22841 | -3/Research | Fabricated Exp. Transmission Jammer? 23005 | -3/Research | Central database locked down 23031 | -3/Research | Discovered new exit (range 13) 23126 | -3/Research | Research terminal network offline 23160 | -3/Research | Loaded intel: 5 recycling unit locations 23193 | -3/Research | Spotted Striker 23193 | -3/Research | Spotted Striker 23207 | -3/Research | Entered Quarantine 23239 | -3/Quarantine | Discovered new exit (range 9) 23257 | -3/Quarantine | Found Alien Artifact 23259 | -3/Quarantine | Identified Subatomic Replicator 23259 | -3/Quarantine | Forged Prototype Slashing Weapon 23405 | -3/Quarantine | Unchained authorized (CL-0N3) 23422 | -3/Quarantine | Found Alien Artifact 23462 | -3/Quarantine | Identified Terrabomb 23472 | -3/Quarantine | K-01 Serf reconstituted as S7 Guard 23472 | -3/Quarantine | Spotted S7 Guard 23538 | -3/Quarantine | Destroyed S7 Guard 23538 | -3/Quarantine | S7 Guard reconstituted as CL-0N3 23547 | -3/Quarantine | Destroyed CL-0N3 23566 | -3/Quarantine | Extracted schematics, analyses from CL-0N3's data core 23567 | -3/Quarantine | Found Prototype Device 23572 | -3/Quarantine | Found Prototype Hover Unit 23575 | -3/Quarantine | Identified CL-0N3's Metamass Displacer 23623 | -3/Quarantine | Entered Research 23623 | -2/Research | Evolved 2 slots: Propulsion x1, Utility x1 23624 | -2/Research | Identified exit to Testing 23679 | -2/Research | Discovered new exit (range 20) 23709 | -2/Research | Spotted B-90 Cyclops 23740 | -2/Research | Entered Testing 23756 | -2/Testing | Found Prototype Device 23756 | -2/Testing | Identified Exp. EM Disruption Field 23771 | -2/Testing | Found Prototype Hackware 23771 | -2/Testing | Identified Ghost Barrier 23855 | -2/Testing | Identified Vortex Chain Reactor 23861 | -2/Testing | Identified Zeronet Interface 23861 | -2/Testing | Identified Dimensional Node Initializer 23871 | -2/Testing | Found Prototype Ballistic Cannon 23871 | -2/Testing | Identified Perforator 23905 | -2/Testing | Discovered new exit (range 21) 23980 | -2/Testing | Found Prototype Protection 24042 | -2/Testing | Spotted Fortress 24058 | -2/Testing | Discovered new exit (range 6) 24058 | -2/Testing | Discovered new exit (range 7) 24062 | -2/Testing | Entered Protoforge 24097 | -2/Protoforge | Spotted B-90 Cyclops 24099 | -2/Protoforge | Build established: Infiltrator-Sprinter 24104 | -2/Protoforge | Discovered new exit (range 19) 24172 | -2/Protoforge | Found Prototype Device 24172 | -2/Protoforge | Identified Exp. Trap Extractor 24177 | -2/Protoforge | Found Prototype Storage 24177 | -2/Protoforge | Identified Cep. Chromion Battery 24235 | -2/Protoforge | Spotted Immortal 24235 | -2/Protoforge | Spotted Immortal 24243 | -2/Protoforge | Spotted Hotshot 24243 | -2/Protoforge | Spotted Hotshot 24243 | -2/Protoforge | Spotted Decapitator 24243 | -2/Protoforge | Spotted Decapitator 24243 | -2/Protoforge | Spotted Decapitator 24243 | -2/Protoforge | Spotted Decapitator 24273 | -2/Protoforge | Destroyed Immortal 24289 | -2/Protoforge | Lost 3 parts (1n2u) 24302 | -2/Protoforge | Destroyed Immortal 24304 | -2/Protoforge | Found Prototype Device 24304 | -2/Protoforge | Identified Exp. Cloaking Device 24308 | -2/Protoforge | Found Exp. Melee Analysis Suite 24316 | -2/Protoforge | Found Prototype Power Core 24316 | -2/Protoforge | Identified Cep. Zero-point Core 24319 | -2/Protoforge | Found Cep. Zero-point Core 24363 | -2/Protoforge | Superfortress began startup sequence 24366 | -2/Protoforge | Found Exp. Jetlance 24371 | -2/Protoforge | Destroyed Decapitator 24376 | -2/Protoforge | Destroyed Decapitator 24384 | -2/Protoforge | Destroyed Decapitator 24435 | -2/Protoforge | Spotted Decapitator 24435 | -2/Protoforge | Spotted V447-p 24435 | -2/Protoforge | Spotted V460-t 24436 | -2/Protoforge | Spotted Decapitator 24444 | -2/Protoforge | Found Cep. Hardlight Director 24445 | -2/Protoforge | Found Cep. Reaction Jets 24452 | -2/Protoforge | Found Prototype Processor 24452 | -2/Protoforge | Identified Cep. Projectile Intercept Suite 24456 | -2/Protoforge | Found Prototype Device 24456 | -2/Protoforge | Identified Exp. Remote Shield 24470 | -2/Protoforge | Found Cep. Phase Shift Module 24477 | -2/Protoforge | Found Faulty Cep. Phase Shift Module 24489 | -2/Protoforge | Destroyed Decapitator 24520 | -2/Protoforge | Found Prototype Device 24520 | -2/Protoforge | Identified Crosscalibrator 24541 | -2/Protoforge | Build established: Scavenger-Mutant 24569 | -2/Protoforge | Spotted Hotshot 24569 | -2/Protoforge | Spotted Hotshot 24573 | -2/Protoforge | Spotted V712-r 24573 | -2/Protoforge | Spotted V188-d 24593 | -2/Protoforge | Spotted Decapitator 24593 | -2/Protoforge | Spotted Decapitator 24593 | -2/Protoforge | Spotted Decapitator 24593 | -2/Protoforge | Spotted Decapitator 24602 | -2/Protoforge | Destroyed Decapitator 24607 | -2/Protoforge | Destroyed Decapitator 24608 | -2/Protoforge | Destroyed Decapitator 24620 | -2/Protoforge | Found Cep. Gyrokinetic System 24623 | -2/Protoforge | Identified Hvy. Regenerative Plating 24626 | -2/Protoforge | Found Prototype Device 24626 | -2/Protoforge | Identified Exp. Shock Absorption System 24629 | -2/Protoforge | Found Faulty Femtoactuators 24631 | -2/Protoforge | Found Cep. Weapon Articulator 24634 | -2/Protoforge | Found Femtoactuators 24640 | -2/Protoforge | Spotted V978-c 24646 | -2/Protoforge | Found Faulty Cep. Melee Reflex Suite 24649 | -2/Protoforge | Destroyed Decapitator 24665 | -2/Protoforge | Found Faulty Cep. Melee Reflex Suite 24744 | -2/Protoforge | Spotted V933-z 24744 | -2/Protoforge | Spotted V750-p 24748 | -2/Protoforge | Spotted Immortal 24748 | -2/Protoforge | Spotted Immortal 24829 | -2/Protoforge | Found Faulty Cep. Gyrokinetic System 24896 | -2/Protoforge | Destroyed Hotshot 24903 | -2/Protoforge | Spotted V218-k 24928 | -2/Protoforge | Destroyed V218-k 24931 | -2/Protoforge | Destroyed V712-r 24934 | -2/Protoforge | Destroyed V188-d 24937 | -2/Protoforge | Destroyed Hotshot 24955 | -2/Protoforge | Found Cep. Antigrav Storage Unit 24957 | -2/Protoforge | Found Prototype Storage 24958 | -2/Protoforge | Identified Cep. NT7 Matterbank 24978 | -2/Protoforge | Found Cep. Combat Aerolev Unit 24986 | -2/Protoforge | Found Prototype Device 25062 | -2/Protoforge | First assault squad dispatched 25119 | -2/Protoforge | Found Cep. Gyrokinetic System 25128 | -2/Protoforge | Found Faulty Cep. Combat Aerolev Unit 25131 | -2/Protoforge | Found Cep. Gyrokinetic System 25153 | -2/Protoforge | Additional patrols dispatched to research labs 25160 | -2/Protoforge | Found Cep. Navigation Harness 25165 | -2/Protoforge | Found Transdimensional Reconstructor 25207 | -2/Protoforge | Spotted AP7-3 25233 | -2/Protoforge | Spotted AP7-3 25257 | -2/Protoforge | Found Prototype Impact Weapon 25257 | -2/Protoforge | Identified Cep. Blasthammer 25262 | -2/Protoforge | Found Cep. Cloak Mesh 25264 | -2/Protoforge | Warped through subspace 25266 | -2/Protoforge | Found Faulty Cep. Cloak Mesh 25275 | -2/Protoforge | System corruption reached 10% 25479 | -2/Protoforge | Found Cep. Chromion Battery 25480 | -2/Protoforge | Found Cep. Chromion Battery 25481 | -2/Protoforge | Found Cep. Chromion Battery 25530 | -2/Protoforge | Spotted Hotshot 25558 | -2/Protoforge | Spotted Hotshot 25561 | -2/Protoforge | Entered Access 25561 | -1/Access | Evolved 2 slots: Power x1, Utility x1 25719 | -1/Access | Identified exit to Command 25751 | -1/Access | Unchained authorized (6S-H0T) 25854 | -1/Access | Build established: Infiltrator-Sprinter 26091 | -1/Access | Energy Cycler disabled 26185 | -1/Access | Destroyed 6S-H0T 26186 | -1/Access | Found Zeronet Interface 26246 | -1/Access | Entered Command 26265 | -1/Command | Spotted B-99 Colossus 26333 | -1/Command | Found Gamma Bomb Array 26429 | -1/Command | Build established: Sprinter 26482 | -1/Command | Found Thermal Barrier 26496 | -1/Command | First assault squad dispatched 26614 | -1/Command | Found Quantum Capacitor 26688 | -1/Command | Spotted M Guard 26688 | -1/Command | Spotted M Guard 26689 | -1/Command | Spotted Combat Programmer 26702 | -1/Command | Spotted Combat Programmer 26709 | -1/Command | Destroyed Combat Programmer 26721 | -1/Command | Destroyed Combat Programmer 26817 | -1/Command | Met MAIN.C 26821 | -1/Command | 0b10 Conduit disabled 26845 | -1/Command | Destroyed MAIN.C Shell 26845 | -1/Command | MAIN.C activated Command garrisons 26876 | -1/Command | Destroyed MAIN.C 26877 | -1/Command | Discovered new exit (range 39) 26877 | -1/Command | Discovered new exit (range 87) 26877 | -1/Command | Extracted map data and part IDs from MAIN.C's data core 26887 | -1/Command | Found Exp. Powered Armor 26903 | -1/Command | Spotted B-99 Colossus 27604 | -1/Command | Found Zero-point Reactor 27608 | -1/Command | Found Femtoactuators 27609 | -1/Command | Found Exp. Weapon Cycler 27739 | -1/Command | Found Exp. Core Analyzer 27754 | -1/Command | Found Exp. Core Analyzer 27825 | -1/Command | Warped through subspace to slip node 27825 | -1/Command | Discovered new exit (range 5) 27828 | -1/Command | Entered Access_0 27829 | -1/Access_0 | Met Architect 27831 | -1/Access_0 | Destroyed A8 27837 | -1/Access_0 | Architect warped through subspace 27879 | -1/Access_0 | Found Hpw. Transdimensional Reconstructor 27885 | -1/Access_0 | Architect warped through subspace 27911 | -1/Access_0 | A6 warped into view 27923 | -1/Access_0 | Destroyed A6 27934 | -1/Access_0 | Architect warped through subspace 27961 | -1/Access_0 | Architect warped through subspace 27986 | -1/Access_0 | Architect warped through subspace 27986 | -1/Access_0 | Found Exp. Phase Shifter 28004 | -1/Access_0 | Architect warped through subspace 28009 | -1/Access_0 | A5 warped into view 28009 | -1/Access_0 | Build established: Scavenger-Sprinter 28009 | -1/Access_0 | Subspace Access Node disabled 28024 | -1/Access_0 | Destroyed A5 28030 | -1/Access_0 | Architect warped through subspace 28037 | -1/Access_0 | Subspace Access Node disabled 28089 | -1/Access_0 | Architect warped through subspace 28090 | -1/Access_0 | Found Prototype Protection 28090 | -1/Access_0 | Identified Centrium Linked Plating 28116 | -1/Access_0 | Architect warped through subspace 28119 | -1/Access_0 | Destroyed A2 28120 | -1/Access_0 | Found Prototype Device 28120 | -1/Access_0 | Identified ST Field Compressor 28122 | -1/Access_0 | Extracted Singularity Gate Test 138-C access codes from A2's data core 28129 | -1/Access_0 | Found Exp. Phase Shifter 28153 | -1/Access_0 | Architect warped through subspace 28177 | -1/Access_0 | A4 warped into view 28192 | -1/Access_0 | Destroyed A4 28198 | -1/Access_0 | Architect warped through subspace 28226 | -1/Access_0 | Started Test 138-B, establishing a local singularity 28226 | -1/Access_0 | Singularity Gate disabled 28242 | -1/Access_0 | Architect warped through subspace 28247 | -1/Access_0 | Singularity Gate disabled 28264 | -1/Access_0 | Found Exp. Powered Armor 28271 | -1/Access_0 | Architect warped through subspace 28288 | -1/Access_0 | Architect warped through subspace 28308 | -1/Access_0 | Subspace Access Node disabled 28326 | -1/Access_0 | Architect warped through subspace 28356 | -1/Access_0 | Found Sigix Corpse 28360 | -1/Access_0 | Architect warped through subspace 28383 | -1/Access_0 | Architect warped through subspace 28397 | -1/Access_0 | Architect warped through subspace 28413 | -1/Access_0 | Architect warped through subspace 28419 | -1/Access_0 | Subspace Access Node disabled 28433 | -1/Access_0 | Destroyed Architect 28434 | -1/Access_0 | Extracted unknown sensor trigger ID from Architect's data core 28434 | -1/Access_0 | Found Centrium Linked Plating 28437 | -1/Access_0 | Found Hpw. Transdimensional Reconstructor 28439 | -1/Access_0 | Found Prototype Hackware 28440 | -1/Access_0 | Identified Architect God Chip A 28442 | -1/Access_0 | Found Zero-point Reactor 28446 | -1/Access_0 | A3 warped into view 28455 | -1/Access_0 | Destroyed A3 28458 | -1/Access_0 | Found Prototype Ballistic Gun 28458 | -1/Access_0 | Identified A3's Sniper Rifle 28463 | -1/Access_0 | Found Architect God Chip A 28465 | -1/Access_0 | Found Architect God Chip A 28470 | -1/Access_0 | Found Architect God Chip A 28473 | -1/Access_0 | Found Alien Energy Gun 28473 | -1/Access_0 | Identified Modified Sigix Sheargun 28478 | -1/Access_0 | Found Modified Sigix Sheargun 28479 | -1/Access_0 | Found Modified Sigix Sheargun 28567 | -1/Access_0 | Warped through subspace to slip node 28567 | -1/Access_0 | Discovered new exit (range 8) 28570 | *** | Establishing 0b11! Last Messages --------------- >>Record "Log L.OZLVE4D5" [REDACTED] >>Record "Log L.PLVSNE0F" Revision 17 was sadly unable to win control of lower Research, meaning the best hope is that Warlord can pick up the slack, taking advantage of the resulting chaos to control lower 0b10. >>Record "Log L.QL67S5A3" [REDACTED] >>Record "Log L.RSL58V7F" [REDACTED] >>Record "Log L.UHGC2ASH" Despite Warlord's aggressive stance, the Derelict army has been surprisingly slow to make its move. They're doing almost too much planning and preparation... >>Record "Log L.XLJZXWC5" [REDACTED] >>Record "Log L.Y1U23ASU" [REDACTED] 28567_ Warped through subspace, drawn to slip node. 28567_ EXIT=FOUND Map ----- +----------------------------------------------------+ | | | | | | | | | | | | | | | | | | | | | | | | | | | | | | | | | ?????????????????????????????????????????????????? | | ?????????????????????????????????????????????????? | | ?????????????????????????????????????????????????? | | ?????????????????????????????????????????????????? | | ?????????????????????????????????????????????????? | | ?????????????????????????????????????????????????? | | ????????????????????????###??????????????????????? | | ???????????????????????## ##?????????????????????? | | ???????????????????????# #?????????????????????? | | ???????????????????????# @ #?????????????????????? | | ??????????????????????## #?????????????????????? | | ??????????????????????# #?????????????????????? | | ??????????????????????# ##?????????????????????? | | ??????????????????????## #?????????????????????? | | ??????????????????????# #?????????????????????? | | ??????????????????????# ##?????????????????????? | | ??????????????????????# < #?????????????????????? | | ??????????????????????# ##?????????????????????? | | ??????????????????????## #??????????????????????? | | ???????????????????????####??????????????????????? | | ?????????????????????????????????????????????????? | | ?????????????????????????????????????????????????? | | ?????????????????????????????????????????????????? | | ?????????????????????????????????????????????????? | | ?????????????????????????????????????????????????? | | ?????????????????????????????????????????????????? | | ?????????????????????????????????????????????????? | | ?????????????????????????????????????????????????? | | ?????????????????????????????????????????????????? | | ?????????????????????????????????????????????????? | | ?????????????????????????????????????????????????? | | ?????????????????????????????????????????????????? | | ?????????????????????????????????????????????????? | | ?????????????????????????????????????????????????? | +----------------------------------------------------+ Best States ------------- Heat Dissipation 88 Energy Generation 99 Energy Capacity 1790 Matter Stores 300 Matter Capacity 1050 Sight Range 23 Robot Scan Range 16 Terrain Scan Density 10 ECM Strength 1 Jamming Range 22 Cloak Strength 9 Power Amplification 20 Additional Mass Support 16 EM Shielding 4 Armor Coverage 1000 Resistance: KI 20 Resistance: TH 50 Core Shielding 30 Propulsion Shielding 66 Utility Shielding 90 Melee Speed Boost 50 Phase Shifting 25 Evasion (%) 101 Targeting Accuracy 30 Melee Accuracy 28 Core Analysis 12 Recoil Reduction 4 Offensive Hacking 400 Defensive Hacking 12 Authchip Count 1 Item Schematics ----------------- Spk. Treads | -8/Scraptown | Extrapolated Mak. Coolant Network | -6/Factory | Extrapolated Deep Structural Scanner | -6/Factory | Extrapolated Spk. Heavy Treads | -6/Factory | Extrapolated Mak. Leg | -6/Factory | Extrapolated Mak. Flight Unit | -6/Factory | Extrapolated Spk. Medium Treads | -6/Factory | Extrapolated Mak. Terrain Scanner | -6/Factory | Extrapolated 0b10 Decoder Chip [Generic] | -6/Factory | Extrapolated 0b10 Decoder Chip [Scout] | -6/Factory | Extrapolated 0b10 Decoder Chip [Skirmisher] | -6/Factory | Extrapolated Tactical Coordination Suite | -6/Factory | Extrapolated Mak. ECM Suite | -6/Factory | Extrapolated Mak. Targeting Computer | -6/Factory | Extrapolated Mak. Light Armor Plating | -6/Factory | Extrapolated Mak. Medium Armor Plating | -6/Factory | Extrapolated Adv. Gravity Neutralizer | -6/Factory | Hacked Mak. Kinetic Plating | -6/Factory | Extrapolated Mak. Thermal Plating | -6/Factory | Extrapolated CPS Tube | -6/Factory | Scanalyzed Mak. Ablative Armor | -6/Factory | Extrapolated Energy Deflector | -6/Factory | Extrapolated Mak. Core Shielding | -6/Factory | Extrapolated Mak. Weapon Shielding | -6/Factory | Extrapolated Mak. Hover Unit | -6/Factory | Extrapolated Mak. Hacking Suite | -6/Factory | Extrapolated Mak. System Restoration Module | -6/Extension | Extrapolated Machine Rigger | -6/Extension | Extrapolated Mak. Laser | -6/Extension | Extrapolated Beamcaster | -6/Extension | Extrapolated Hvy. Beamcaster | -6/Extension | Extrapolated Hvy. Battle Rifle | -6/Extension | Extrapolated Mak. Shrapnel Gun | -6/Extension | Extrapolated Slug Cannon | -6/Extension | Extrapolated Bore Cannon | -6/Extension | Extrapolated Ripper | -6/Extension | Extrapolated Mak. System Shield | -6/Extension | Extrapolated Mak. Sensor Array | -6/Cetus | Extrapolated Assault Drone Bay | -5/Zhirov | Free Exp. Heat Sink | -5/Zhirov | Free Exp. Optical Array | -5/Zhirov | Free Imp. Arc Thrower | -5/Zhirov | Free Exp. System Shield | -2/Testing | Archive Enh. Armored Medium Treads | -2/Testing | Archive Enh. Biometal Leg | -2/Protoforge | Archive Hellfire Missile Launcher | -2/Protoforge | Archive Com. Linear Accelerator | -2/Protoforge | Archive Hvy. Neutron Cannon | -2/Protoforge | Archive Robot Schematics ------------------ K-01 Serf | -3/Quarantine | Archive T-07 Excavator | -3/Quarantine | Archive A-02 Transporter | -3/Quarantine | Archive A-15 Conveyor | -3/Quarantine | Archive R-06 Scavenger | -3/Quarantine | Archive R-10 Processor | -3/Quarantine | Archive M-14 Sweeper | -3/Quarantine | Archive M-22 Extractor | -3/Quarantine | Archive M-30 Cleanser | -3/Quarantine | Archive M-13 Machinist | -3/Quarantine | Archive M-28 Smith | -3/Quarantine | Archive M-36 Artificer | -3/Quarantine | Archive O-16 Technician | -3/Quarantine | Archive O-24 Administrator | -3/Quarantine | Archive O-32 Director | -3/Quarantine | Archive W-16 Scout | -3/Quarantine | Archive W-25 Informer | -3/Quarantine | Archive W-44 Eye | -3/Quarantine | Archive S-10 Pest | -3/Quarantine | Archive S-27 Virus | -3/Quarantine | Archive S-43 Plague | -3/Quarantine | Archive G-34 Mercenary | -3/Quarantine | Archive G-47 Trooper | -3/Quarantine | Archive G-50 Soldier | -3/Quarantine | Archive G-67 Veteran | -3/Quarantine | Archive G-73 Enforcer | -3/Quarantine | Archive B-36 Bruiser | -3/Quarantine | Archive B-48 Gladiator | -3/Quarantine | Archive B-60 Warrior | -3/Quarantine | Archive B-74 Champion | -3/Quarantine | Archive L-31 Rogue | -3/Quarantine | Archive L-41 Fighter | -3/Quarantine | Archive L-61 Swordsman | -3/Quarantine | Archive Y-45 Defender | -3/Quarantine | Archive Y-54 Guardian | -3/Quarantine | Archive Y-64 Sentinel | -3/Quarantine | Archive Y-72 Warden | -3/Quarantine | Archive D-53 Grenadier | -3/Quarantine | Archive D-63 Destroyer | -3/Quarantine | Archive D-83 Annihilator | -3/Quarantine | Archive X-57 Shotgunner | -3/Quarantine | Archive X-62 Marksman | -3/Quarantine | Archive X-67 Chaingunner | -3/Quarantine | Archive X-72 Disruptor | -3/Quarantine | Archive X-77 Beamer | -3/Quarantine | Archive X-82 Rainmaker | -3/Quarantine | Archive X-87 Electro | -3/Quarantine | Archive H-55 Commando | -3/Quarantine | Archive H-66 Slayer | -3/Quarantine | Archive H-77 Assassin | -3/Quarantine | Archive H-88 Terminator | -3/Quarantine | Archive P-60 Hacker | -3/Quarantine | Archive P-70 Sage | -3/Quarantine | Archive P-80 Master | -3/Quarantine | Archive Fabricated ------------ Deep Structural Scanner | x1 | -6/Factory | Authchip Adv. Gravity Neutralizer | x1 | -6/Factory | Authchip Exp. Transmission Jammer | x1 | -3/Research | Preloaded Repaired ---------- Lgt. Treads | 27% | -10/Materials Lgt. Treads | 45% | -10/Materials Cld. Cesium-ion Thruster | 28% | -6/Extension Studied --------- Imp. Light Cannon | -9/Materials | Hacked Lgt. Fission Core | -6/Factory | Hacked Field Propulsion Array | -4/Factory | Hacked Hyp. Mass Driver | -4/Factory | Hacked Impulse Thruster Array | -3/Research | Hacked Mic. Antimatter Reactor | -3/Quarantine | Hacked Cmb. Linear Gravjet | -1/Access | Hacked Alien Tech Used ----------------- Integrated Reactor Subatomic Replicator Transdimensional Reconstructor Modified Sigix Sheargun High-powered Transdimensional Reconstructor Achievements -------------- Scientist At Large Challenges ------------ None Game ------ Seed WeaponsDecoderStick Manual? 0 Play Time 06:10:05 Cumulative 925.0 hours Start 2025.10.30 @ 12:42:38 End 2025.10.30 @ 20:06:19 Sessions 3 Manual Loads 0 Difficulty Rogue Special Mode None Game No. 292 Rogue 290 Adventurer 2 Explorer 0 Win Type 1 Total 63 Types 19/13/14/1/1/1/11/1/0/2 Lore% 96 Gallery% 94 Achievement% 77 Wizard Run 0 Options --------- Layout 0 ASCII 0 Keyboard 1 Movement Numpad Keybinds 0 Fullscreen 1 Font 24/Smallcaps Map View 76x50 Zoom Use 0% Tactical HUD 1 Map Filters NONE Filters NONE Steam 1 RUN: a70a1395-84f9-4a76-b978-c8aff23ae878